 Dungeon Crawl Stone Soup version 0.24.0-124-g2791043dd8 (webtiles) character file.

Game seed: 14768034423203563803, levelgen mode: deterministic

558191 FishyPogo the Cutthroat (level 25, -7/207 HPs)
             Began as a Demonspawn Venom Mage on Feb 10, 2020.
             Was a Favourite Plaything of Xom.
             Mangled by an acid blob (19 damage)
             ... on level 5 of the Pits of Slime on Feb 15, 2020.
             The game lasted 05:16:31 (50502 turns).

FishyPogo the Cutthroat (Demonspawn Venom Mage)    Turns: 50502, Time: 05:16:31

Health: -7/207     AC: 29    Str: 20    XL:     25   Next: 76%
Magic:  0/35       EV:  6    Int: 13    God:    Xom [...*..]
Gold:   4739       SH: 20    Dex: 17    Spells: 16/40 levels left

rFire    + + +     SeeInvis .   a - +12 Vampire's Tooth {vamp}
rCold    + + .     Gourm    .   A - +2 shield {AC+3}
rNeg     + . .     Faith    .   M - +12 crystal plate armour of Supple Strength {rElec rF+ MR+ Slay-6}
rPois    .         Spirit   +   R - +2 hat
rElec    +         Reflect  +   l - +2 cloak {rF+}
rCorr    +         Harm     .   (gloves unavailable)
MR       ++...     Clarity  +   T - +2 pair of boots of the Snail {-Tele rN+ Regen+ Int+4} Stlth ..........NoTele +
                                I - amulet "Hyzxir" {Reflect rElec rF++ rC+ Int-5 SH+4}
HPRegen  0.00/turn              k - ring of resist corrosion
MPRegen  0.48/turn              U - +3 ring of slaying

@: corroded, berserk cooldown, studying Fighting
A: claws 3, hooves 1, rugged brown scales 3, blurry vision 1, clarity, cold
resistance 1, deterioration 1, dopey 1, frail 1, mutation resistance 1, passive
freeze, powered by pain 2, screaming 1, inhibited regeneration, strong 1, magic
shield, magic regeneration, magic link, freezing cloud immunity, MP-powered
wands
}: 2/15 runes: serpentine, barnacled
a: Renounce Religion


You were on level 5 of the Pits of Slime.
You worshipped Xom.
You were a favourite toy of Xom.
You were very hungry.

You visited 9 branches of the dungeon, and saw 48 of its levels.
You visited the Abyss 1 time.
You visited 1 bazaar.
You also visited: Bailey, Ice Cave and Volcano.

You collected 7333 gold pieces.
You spent 2594 gold pieces at shops.

Inventory:

Hand Weapons
 a - the +12 Vampire's Tooth (weapon) {vamp}
   (You acquired it on level 12 of the Dungeon)

   It inflicts no extra harm, but heals its wielder when it wounds a living foe.
 F - the +7 lajatang of Order {silver, rMut}
   (You found it on level 3 of the Elven Halls)

   It protects you from mutation.
 S - the +11 spear "Hydraslayer" {speed, +Fly Str-2 Int+7 SInv}
   (You found it on level 3 of the Elven Halls)

   Attacks with this weapon are significantly faster.
   It affects your strength (-2).
   It affects your intelligence (+7).
   It lets you see invisible.
   It lets you fly.
Missiles
 V - 7 throwing nets (quivered)
Armour
 b - the +1 ring mail of Ziniz {rCorr, unknown}
   (You found it on level 5 of the Pits of Slime)

   It provides partial protection from all sources of acid and corrosion.
 l - a +2 cloak of fire resistance (worn)
 A - a +2 shield of protection (worn)
 M - the +12 crystal plate armour of Supple Strength (worn) {rElec rF+ MR+ Slay-6}
   (You acquired it on level 4 of the Vaults)

   It affects your accuracy and damage with ranged weapons and melee attacks
   (-6).
   It protects you from fire.
   It insulates you from electricity.
   It affects your resistance to hostile enchantments.
 R - a +2 hat (worn)
 T - the +2 pair of boots of the Snail (worn) {-Tele rN+ Regen+ Int+4}
   (You bought it in a shop on level 1 of the Vaults)

   It affects your intelligence (+4).
   It protects you from negative energy.
   It prevents most forms of teleportation.
   It increases your rate of regeneration.
Jewellery
 f - the amulet "Latsiug" {Gourm SInv, unknown}
   (You found it on level 5 of the Pits of Slime)

   [amulet of the gourmand]

   It allows you to eat raw meat even when not hungry.
   It lets you see invisible.
 j - the ring of Zunatouck {rN+ MR+}
   (You found it on level 2 of the Shoals)

   [ring of protection from magic]

   It protects you from negative energy.
   It affects your resistance to hostile enchantments.
 k - a ring of resist corrosion (left claw)
 I - the amulet "Hyzxir" (around neck) {Reflect rElec rF++ rC+ Int-5 SH+4}
   (You found it on level 2 of the Shoals)

   [amulet of reflection]

   It shields you and reflects attacks.
   It affects your intelligence (-5).
   It greatly protects you from fire.
   It protects you from cold.
   It insulates you from electricity.
   It affects your SH (+4).
 Q - the ring "Orchibbuxku" {rPois MR+ Str+2 Int-4}
   (Xom gifted it to you on level 8 of the Dungeon)

   [ring of poison resistance]

   It affects your strength (+2).
   It affects your intelligence (-4).
   It protects you from poison.
   It affects your resistance to hostile enchantments.
 U - a +3 ring of slaying (right claw)
Wands
 q - a wand of flame (23)
 w - a wand of digging (15)
 y - a wand of iceblast (49)
 W - a wand of acid (24)
Scrolls
 d - a scroll of torment
 h - 13 scrolls of enchant weapon
 i - 15 scrolls of identify
 m - 2 scrolls of immolation
 n - 9 scrolls of enchant armour
 o - 26 scrolls of remove curse
 p - 12 scrolls of blinking
 B - 11 scrolls of fear
 C - a scroll of silence
 K - 18 scrolls of teleportation
 P - 3 scrolls of summoning
 Z - 5 scrolls of magic mapping
Potions
 e - 21 potions of curing
 g - 4 potions of resistance
 r - 8 potions of flight
 s - 10 potions of agility
 t - 10 potions of haste
 u - 3 potions of mutation
 v - 8 potions of might
 x - 4 potions of brilliance
 z - 4 potions of berserk rage
 D - 5 potions of heal wounds
 G - 3 potions of cancellation
 H - 2 potions of invisibility
 L - 11 potions of lignification
 Y - a potion of ambrosia
Books
 E - a manual of Fighting
Comestibles
 c - 75 rations


   Skills:
 + Level 21.3 Fighting
 + Level 22.0 Short Blades
 + Level 18.1 Armour
 - Level 2.0 Dodging
 - Level 2.0 Stealth
 - Level 15.0 Shields
 - Level 1.0 Unarmed Combat
 - Level 8.0 Spellcasting
 - Level 7.0 Conjurations
 - Level 4.0 Hexes
 - Level 3.0 Charms
 - Level 5.0 Necromancy
 - Level 9.0 Poison Magic
 - Level 1.0 Evocations


You had 16 spell levels left.
You knew the following spells:

 Your Spells              Type           Power        Failure   Level  Hunger
a - Sting                 Conj/Pois      ####         19%         1    None
b - Poisonous Vapours     Pois/Air       ###...       75%         2    None
c - Mephitic Cloud        Conj/Pois/Air  ###.....     85%         3    ##.....
d - Song of Slaying       Chrm           ##......     91%         2    None
h - Regeneration          Chrm/Necr      ###.......   95%         3    ##.....
j - Conjure Flame         Conj/Fire      ##......     98%         3    ##.....
k - Olgreb's Toxic Radia  Pois           ####....     75%         4    ####...
n - Spectral Weapon       Hex/Chrm       ##......     98%         3    ##.....
x - Ignite Poison         Fire/Tmut/Pois ##......     99%         3    ##.....

Your spell library contained the following spells:

 Spells                   Type           Power        Failure   Level  Hunger
 Magic Dart               Conj           ###.         26%         1    None
 Searing Ray              Conj           ###...       38%         2    None
 Animate Skeleton         Necr           N/A          52%         1    None
 Pain                     Necr           ###.         52%         1    None
 Confusing Touch          Hex            ###...       67%         1    None
 Corpse Rot               Necr           N/A          67%         2    None
 Sublimation of Blood     Necr           ###.......   67%         2    None
 Flame Tongue             Conj/Fire      ##...        75%         1    None
 Shock                    Conj/Air       ##..         75%         1    None
 Infusion                 Chrm           ##..         80%         1    None
 Slow                     Hex            ###.....     80%         2    None
 Dazzling Spray           Conj/Hex       ###...       83%         3    ##.....
 Throw Flame              Conj/Fire      ##....       86%         2    None
 Throw Frost              Conj/Ice       ##....       86%         2    None
 Vampiric Draining        Necr           ###.......   88%         3    ##.....
 Spider Form              Tmut/Pois      ###.......   92%         3    ##.....
 Confuse                  Hex            ###.....     95%         3    ##.....
 Tukima's Dance           Hex            ###.....     95%         3    ##.....
 Iskenderun's Mystic Bla  Conj           ###.....     95%         4    ####...
 Ensorcelled Hibernation  Hex/Ice        ##....       97%         2    None
 Shroud of Golubria       Chrm/Tloc      #.....       98%         2    None
 Swiftness                Chrm/Air       #.......     98%         2    None
 Static Discharge         Conj/Air       ##......     98%         3    ##.....
 Apportation              Tloc           #.....       99%         1    None
 Beastly Appendage        Tmut           #.....       99%         1    None
 Freeze                   Ice            #...         99%         1    None
 Summon Butterflies       Summ           #.......     99%         1    None
 Summon Small Mammal      Summ           #...         99%         1    None
 Inner Flame              Hex/Fire       ##......     99%         3    ##.....
 Portal Projectile        Hex/Tloc       ##....       99%         3    ##.....
 Summon Guardian Golem    Hex/Summ       ##......     99%         3    ##.....
 Animate Dead             Necr           N/A          99%         4    ####...
 Fulminant Prism          Conj/Hex       ###.......   99%         4    ####...
 Venom Bolt               Conj/Pois      ####......   99%         5    #####..
 Blink                    Tloc           N/A          100%        2    None
 Call Imp                 Summ           #.......     100%        2    None
 Passwall                 Tmut/Erth      #.......     100%        2    None
 Sticks to Snakes         Tmut           #.......     100%        2    None
 Call Canine Familiar     Summ           #.......     100%        3    ##.....
 Gell's Gravitas          Tloc           #.........   100%        3    ##.....
 Lesser Beckoning         Tloc           #.........   100%        3    ##.....
 Ozocubu's Armour         Chrm/Ice       #.......     100%        3    ##.....
 Teleport Other           Tloc           #.......     100%        3    ##.....
 Airstrike                Air            #.........   100%        4    ####...
 Cause Fear               Hex            ###.......   100%        4    ####...
 Force Lance              Conj/Tloc      ##......     100%        4    ####...
 Ice Form                 Ice/Tmut       #.......     100%        4    ####...
 Leda's Liquefaction      Hex/Erth       ##........   100%        4    ####...
 Passage of Golubria      Tloc           N/A          100%        4    ####...
 Petrify                  Tmut/Erth      #.......     100%        4    ####...
 Sticky Flame             Conj/Fire      ##......     100%        4    ####...
 Summon Ice Beast         Ice/Summ       #.......     100%        4    ####...
 Summon Lightning Spire   Summ/Air       #.......     100%        4    ####...
 Throw Icicle             Conj/Ice       ##......     100%        4    ####...
 Agony                    Necr           ###.....     100%        5    #####..
 Alistair's Intoxication  Tmut/Pois      ###.....     100%        5    #####..
 Blade Hands              Tmut           #.........   100%        5    #####..
 Bolt of Draining         Conj/Necr      ###.......   100%        5    #####..
 Bolt of Magma            Conj/Fire/Erth ##........   100%        5    #####..
 Dispel Undead            Necr           ###.....     100%        5    #####..
 Excruciating Wounds      Chrm/Necr      ###.......   100%        5    #####..
 Fireball                 Conj/Fire      ##........   100%        5    #####..
 Irradiate                Conj/Tmut      ##........   100%        5    #####..
 Iskenderun's Battlesphe  Conj/Chrm      ###.....     100%        5    #####..
 Lightning Bolt           Conj/Air       ##........   100%        5    #####..
 Metabolic Englaciation   Hex/Ice        ##........   100%        5    #####..
 Silence                  Hex/Air        ##........   100%        5    #####..
 Yara's Violent Unravell  Hex/Tmut       ##........   100%        5    #####..
 Bolt of Fire             Conj/Fire      ##........   100%        6    #######
 Darkness                 Hex            ###.......   100%        6    #######
 Deflect Missiles         Chrm/Air       #.........   100%        6    #######
 Freezing Cloud           Conj/Ice/Air   ##........   100%        6    #######
 Hydra Form               Tmut           #.........   100%        6    #######
 Invisibility             Hex            ###.....     100%        6    #######
 Iron Shot                Conj/Erth      ##........   100%        6    #######
 Poison Arrow             Conj/Pois      ####......   100%        6    #######
 Statue Form              Tmut/Erth      #........    100%        6    #######
 Dragon Form              Tmut           #.........   100%        7    #######
 Orb of Destruction       Conj           ###.......   100%        7    #######
 Ring of Flames           Chrm/Fire      #.........   100%        7    #######
 Spellforged Servitor     Conj/Summ      ##........   100%        7    #######
 Summon Hydra             Summ           #.........   100%        7    #######
 Chain Lightning          Conj/Air       ##........   100%        8    #######
 Discord                  Hex            ###.......   100%        8    #######
 Disjunction              Tloc           #.........   100%        8    #######
 Ignition                 Fire           #.........   100%        8    #######
 Lehudib's Crystal Spear  Conj/Erth      ##........   100%        8    #######
 Dragon's Call            Summ           #.........   100%        9    #######
 Fire Storm               Conj/Fire      ##........   100%        9    #######
 Glaciate                 Conj/Ice       ##........   100%        9    #######


Dungeon Overview and Level Annotations

Branches:
Dungeon (15/15)            Temple (0/1) D:6            Lair (6/6) D:9
 Shoals (4/4) Lair:4        Snake (4/4) Lair:2        Slime (5/5) Lair:5
    Orc (2/2) D:12            Elf (3/3) Orc:2        Vaults (5/5) D:13
  Crypt (0/3) Vaults:3     Depths (visited)          Bailey (visited)
  IceCv (visited)         Volcano (visited)

Altars:
Ashenzari
Dithmenos
Elyvilon
Fedhas
Gozag
Hepliaklqana
Kikubaaqudgha
Makhleb
Nemelex Xobeh
Okawaru
Sif Muna
Trog
Uskayaw
Vehumet
Wu Jian
Xom
Yredelemnul
Zin
The Shining One
Beogh
Jiyva

Shops:
D:10 [   D:11 :   Orc:2 [}**   Elf:3 [(   Snake:1 ?   Vaults:1 [   Vaults:2 =
Vaults:3 [   Vaults:4 %*}   Depths:3 !

Portals:
Hell: Depths:1 Depths:2 Depths:3 Depths:4
Abyss: Depths:4
Pandemonium: Orc:2 Depths:3
Trove: D:13 (show abyssal rune of Zot)

Annotations:
Elf:2 3 runed translucent doors
Depths:2 3 runed translucent doors, Dieptu's ghost, adept MiBe


Innate Abilities, Weirdness & Mutations

You have claws for hands.
You are completely covered in rugged brown scales. (AC +3, +7% HP)
Your flesh is cold resistant. (rC+)
A frigid envelope surrounds you and freezes all who hurt you.
You sometimes gain power by taking damage.
When hurt, damage is shared between your health and your magic reserves.
You regenerate magic rapidly.
When low on magic, you restore magic in place of health.
You are immune to freezing clouds.
You have large cloven feet.
Scrolls take you a little longer to read.
You possess an exceptional clarity of mind.
Your body sometimes deteriorates upon taking damage.
You are dopey. (Int -2)
You are frail. (-10% HP)
You are somewhat resistant to further mutation.
You occasionally shout uncontrollably at your foes.
You do not regenerate when monsters are visible.
Your muscles are strong. (Str +2)
You expend magic power (3 MP) to strengthen your wands.


Message History

You are splashed with acid.
You resist.
* * * LOW HITPOINT WARNING * * *
The great orb of eyes bites you!
* * * LOW HITPOINT WARNING * * *
The great orb of eyes is very cold.
You kill the great orb of eyes!
The acid blob hits you.
* * * LOW HITPOINT WARNING * * *
You are splashed with acid.
You resist.
* * * LOW HITPOINT WARNING * * *
The acid blob is very cold.
The acid blob is almost dead.
The acid blob spits acid at you. The splash of acid hits you. You resist.
* * * LOW HITPOINT WARNING * * *
The acid corrodes you!
You are splashed with acid.
You resist.
* * * LOW HITPOINT WARNING * * *
The acid blob hits you!!
You die...
Xom laughs nastily!

*, ,,,,
,,,,.................. , ,
,,,,,,...J.....G........ ,
,, ,,
,,,,.JJJJ..JJJ..JJ.... , ,,
,, ,,,,.J.##.##D#........
,,, , , ,
,,,,,#####J#####D... , ,,
,,,, ,*##$##.J#*,*##... ,,
,,, ,,,##J??#.##,,,*##J.
,,,,,,,,*##JJ:##J.##%})##.J
, ,, ,,,*#@JJ.=GDJ.(|[|(##.
,, ,
,,,,,,,*#GJ§$......[=?(###
, ,
,,,,,*##D(.)....}.!$###. ,
,, ,,, **##..........#####
, ,,, ,,,
,,#............#.JG ,,,
,,**................## ,
,,,,,, ,,
####..........####. , , ,
,,, , **)%.)....}.?/**#. ,
, ,,,, ,,
,**,,,,**,,**,,,,*#.


You could see 3 acid blobs, a fire dragon, an azure jelly, a great orb of eyes
and 2 large slime creatures.

Vanquished Creatures
  the Royal Jelly (Slime:5)
  An ancient lich (Vaults:1)
  Mennas (Depths:3)
  2 juggernauts (Depths:4)
  Vashnia (Snake:4)
  Xtahua (Vaults:4)
  A caustic shrike (Depths:4)
  5 golden dragons
  A bone dragon (Abyss:4)
  3 liches
  2 tentacled monstrosities
  Asterion (Depths:2)
  2 deep elf blademasters (Elf:3)
  A titan (Depths:3)
  Jorgrun (Lair:4)
  2 deep elf master archers (Elf:3)
  Frances (Snake:2)
  9 acid blobs
  5 sphinxes
  2 tentacled starspawn (Abyss:4)
  A storm dragon (Depths:4)
  A shadow dragon (Depths:4)
  5 azure jellies
  6 tengu reavers
  Donald (Elf:3)
  5 nagarajas (Snake:4)
  5 deep elf sorcerers
  Aizul (Depths:3)
  4 fire giants
  4 frost giants
  Louise (Snake:3)
  A cacodemon (Depths:3)
  2 deep elf elementalists (Elf:3)
  5 vault wardens
  7 very ugly things
  2 juggernaut skeletons
  8 spriggan defenders
  9 ironheart preservers
  An entropy weaver (Vaults:4)
  2 vampire knights
  Azrael (D:14)
  19 stone giants
  A dire elephant (Shoals:2)
  6 deep elf demonologists
  A red draconian (Volcano)
  4 deep elf annihilators
  4 spark wasps
  5 merfolk javelineers
  An ettin (shapeshifter) (Depths:4)
  3 deep elf death magi
  A death ooze (Slime:5)
  6 fire dragons
  6 ettins
  11 yaktaur captains
  2 merfolk impalers
  6 great orbs of eyes
  Erolcha (D:9)
  2 deep elf high priests (Elf:3)
  7 ice dragons
  5 hydras
  14 naga warriors
  A monstrous demonspawn (Depths:3)
  Harold (D:10)
  11 ogre magi
  A hell beast (Depths:4)
  4 rakshasas
  6 vault guards
  4 spriggan air magi
  7 centaur warriors
  An alligator snapping turtle (Shoals:1)
  4 merfolk avatars
  8 anacondas
  7 merfolk aquamancers
  9 deep troll shamans
  2 catoblepae
  10 satyrs
  35 two-headed ogres
  19 dancing weapons
  An alligator (Slime:4)
  3 death yaks (Shoals:2)
  8 tengu warriors
  5 vampire magi
  2 hell hogs (Abyss:4)
  5 deep troll earth magi
  6 orc high priests (Orc:2)
  Sonja (Lair:1)
  11 naga sharpshooters
  4 shock serpents
  12 deep elf knights
  6 salamander mystics
  4 skeletal warriors (Vaults:2)
  A wretched star (Abyss:4)
  A storm dragon skeleton (Depths:4)
  4 iron trolls
  8 sea snakes
  An unseen horror (shapeshifter) (Depths:3)
  2 unseen horrors (D:13)
  6 glowing orange brains
  A gelid demonspawn (Orc:2)
  A swamp dragon (shapeshifter) (Depths:4)
  22 deep trolls
  8 ironbrand convokers
  6 naga ritualists
  4 wizards
  3 deep elf archers
  2 infernal demonspawn (Orc:2)
  2 phantasmal warriors (Depths:3)
  27 harpies
  3 shadow dragon zombies
  A harpy (shapeshifter) (Vaults:2)
  36 ugly things
  4 necromancers
  An oklob plant (Snake:4)
  59 deep elf magi
  18 orc knights
  10 salamanders
  10 orc sorcerers
  2 shining eyes (Slime:3)
  A mana viper (shapeshifter) (D:15)
  4 mana vipers
  28 fauns
  5 wolf spiders
  5 cyclopes
  2 sphinx skeletons
  15 manticores
  A moth of wrath (shapeshifter) (Depths:4)
  A cyclops (shapeshifter) (Slime:1)
  6 elephants (Lair:6)
  A smoke demon (Depths:3)
  3 water nymphs
  12 merfolk sirens
  20 naga magi
  33 black mambas
  6 guardian serpents
  An ice statue (IceCv)
  10 vault sentinels
  A centaur zombie (D:13)
  26 spiny frogs
  A black mamba (shapeshifter) (Elf:2)
  2 guardian serpents (shapeshifter)
  An orange demon (Orc:2)
  2 gargoyles
  An eye of devastation (Slime:2)
  A kobold demonologist (D:14)
  2 rime drakes
  40 yaktaurs
  3 komodo dragons
  14 freezing wraiths
  A queen bee (shapeshifter) (Vaults:4)
  A red devil (Depths:4)
  A tengu conjurer (Depths:2)
  30 merfolk
  3 hornets
  8 trolls
  A blink frog (shapeshifter) (Depths:3)
  7 wind drakes
  2 tyrant leeches (Lair:6)
  A hornet (shapeshifter) (Lair:4)
  A wind drake (shapeshifter) (Vaults:1)
  11 dream sheep
  73 slime creatures
  20 blink frogs
  6 hippogriffs
  A snapping turtle (shapeshifter) (Depths:3)
  A hippogriff (shapeshifter) (D:15)
  7 snapping turtles
  2 air elementals
  4 redbacks (Vaults:4)
  3 spriggans
  A wraith (D:9)
  A tarantella (shapeshifter) (Vaults:1)
  3 ynoxinuls
  21 yaks
  3 wyverns
  Eustachio (D:5)
  8 chaos spawn
  21 water elementals
  3 fire elementals (D:14)
  A yak (shapeshifter) (Vaults:1)
  An elf zombie (Depths:4)
  Grum (Lair:1)
  A basilisk (shapeshifter) (Vaults:1)
  3 hogs (D:7)
  10 humans
  6 basilisks
  2 fire bats (Abyss:4)
  A steam dragon (D:8)
  A death yak simulacrum (IceCv)
  9 vampire mosquitoes
  4 wargs
  A hungry ghost (D:3)
  A warg (shapeshifter) (Depths:2)
  62 nagas
  An acid dragon (shapeshifter) (Depths:2)
  2 soldier ants
  A floating eye (shapeshifter) (Depths:3)
  An acid dragon (Vaults:1)
  6 water moccasins
  5 hell hounds (D:14)
  13 porcupines
  5 eyes of draining
  2 black bears
  56 orc warriors
  8 ice beasts
  A black bear (shapeshifter) (Depths:2)
  2 sky beasts
  3 phantoms
  A necrophage (D:11)
  30 ogres
  A wolf (shapeshifter) (Elf:1)
  23 wolves
  17 boggarts
  16 centaurs
  8 crocodiles
  3 big kobolds
  2 small abominations (Abyss:4)
  3 gnoll sergeants (D:12)
  30 bullfrogs
  2 earth elementals
  A glowing shapeshifter simulacrum (Depths:4)
  3 scorpions
  A wyvern skeleton (D:14)
  5 killer bees (D:7)
  A swamp dragon simulacrum (IceCv)
  9 wights
  6 electric eels
  3 crimson imps
  3 starcursed masses (Abyss:4)
  5 draconian simulacra (IceCv)
  A human simulacrum (Vaults:2)
  A quasit (D:5)
  8 hounds
  4 jellies
  Crazy Yiuf (D:2)
  28 orc priests
  5 centaur skeletons
  16 orc wizards
  A bullfrog skeleton (D:7)
  An iron imp (Depths:2)
  Jessica (D:2)
  4 iguanas
  2 spriggan simulacra (IceCv)
  4 troll simulacra (IceCv)
  11 worker ants
  Ijyb (D:3)
  A polar bear simulacrum (IceCv)
  2 hell rats (Lair:6)
  A wolf simulacrum (IceCv)
  4 centaur simulacra (IceCv)
  A hound zombie (D:9)
  2 hound skeletons
  A howler monkey zombie (D:7)
  A worker ant zombie (D:11)
  A howler monkey skeleton (D:10)
  6 gnolls
  11 adders
  2 naga simulacra (IceCv)
  11 river rats
  3 ogre simulacra (IceCv)
  4 shadow imps
  23 white imps
  An ooze (D:2)
  An adder skeleton (D:7)
  A dart slug (D:3)
  9 leopard geckos
  80 orcs
  2 bats
  9 giant cockroaches
  5 goblins
  4 hobgoblins
  6 jackals
  7 quokkas
  3 frilled lizards
  21 kobolds
  9 rats
  3 fire vortices
  A fungus (Lair:6)
  2 plants
  A withered plant (Shoals:4)
1866 creatures vanquished.

Vanquished Creatures (collateral kills)
  An acid blob (Slime:2)
  A great orb of eyes (Slime:2)
  An anaconda (Snake:4)
  2 dancing weapons (Elf:2)
  A naga sharpshooter (Snake:4)
  2 deep elf knights
  A deep elf archer (Elf:1)
  An orc sorcerer (Orc:2)
  A faun (Shoals:1)
  4 deep elf magi
  4 merfolk sirens (Shoals:1)
  A water nymph (Shoals:3)
  2 tyrant leeches (Lair:6)
  5 slime creatures
  A blink frog (Lair:6)
  2 water elementals
  2 fire bats (Abyss:4)
  4 nagas (Snake:4)
  3 orc warriors
  An ogre (Orc:2)
  2 wights (D:6)
  An orc priest (Orc:2)
  A white imp (D:13)
  3 orcs
47 creatures vanquished.

Vanquished Creatures (others)
  the Enchantress (Depths:2)
  A vault warden (Vaults:2)
  A stone giant (Vaults:3)
  A deep elf demonologist (Depths:4)
  A death ooze (Slime:5)
  2 yaktaur captains
  4 dancing weapons
  A centaur warrior (Depths:3)
  A two-headed ogre (Vaults:4)
  A spriggan berserker (Depths:2)
  A deep elf knight (Elf:2)
  A deep troll (Depths:2)
  2 deep elf archers (Elf:3)
  A necromancer (Depths:4)
  A deep elf mage (Elf:2)
  A salamander (Snake:3)
  9 yaktaurs
  A troll (Vaults:1)
  6 raiju (Abyss:4)
  A hog (D:7)
  2 golden eyes (Abyss:4)
  6 large abominations (Abyss:4)
  A naga (Snake:3)
  4 ogres (Vaults:4)
  2 boggarts
  9 small abominations (Abyss:4)
  An orc wizard (Vaults:2)
  2 orcs
  2 fire vortices
  14 fungi
  A lurking horror (Abyss:4)
  87 plants
  12 spectral weapons
  6 starspawn tentacles (Abyss:4)
187 creatures vanquished.

Grand Total: 2100 creatures vanquished

Notes
Turn   | Place    | Note
-------+----------+-------------------------------------------
     0 | D:1      | FishyPogo the Demonspawn Venom Mage began the quest for the
                  | Orb.
     0 | D:1      | Reached XP level 1. HP: 13/13 MP: 3/3
   304 | D:1      | Gained mutation: You are partially covered in rugged brown
                  | scales. (AC +1, +3% HP) [demonic ancestry]
   304 | D:1      | Reached XP level 2. HP: 14/20 MP: 0/5
   352 | D:1      | Reached skill level 1 in Fighting
   497 | D:1      | Learned a level 2 spell: Poisonous Vapours
  1023 | D:2      | Reached skill level 1 in Short Blades
  1023 | D:2      | Gained mutation: You are mostly covered in rugged brown
                  | scales. (AC +2, +5% HP) [demonic ancestry]
  1023 | D:2      | Reached XP level 3. HP: 22/28 MP: 2/6
  1219 | D:2      | Found a runed translucent door.
  1220 | D:2      | Noticed Crazy Yiuf
  1226 | D:2      | Learned a level 3 spell: Mephitic Cloud
  1259 | D:2      | Killed Crazy Yiuf
  1259 | D:2      | Gained mutation: You have sharp fingernails. [demonic
                  | ancestry]
  1259 | D:2      | Reached XP level 4. HP: 9/35 MP: 0/7
  1516 | D:2      | Found a hazy altar of Hepliaklqana.
  1517 | D:2      | Found a shimmering altar of Xom.
  1517 | D:2      | Noticed a hell beast
  1518 | D:2      | Noticed a spectral ugly thing
  1518 | D:2      | Noticed a hell beast
  1524 | D:2      | Became a worshipper of Xom of Bloodstained Whimsey
  1737 | D:3      | XOM: noise
  1737 | D:3      | Noticed a hungry ghost
  1737 | D:3      | XOM: potion effect (might)
  1747 | D:3      | Killed a hungry ghost
  1747 | D:3      | Reached skill level 2 in Short Blades
  1747 | D:3      | Gained mutation: You have very sharp fingernails. [demonic
                  | ancestry]
  1747 | D:3      | Reached XP level 5. HP: 41/44 MP: 5/8
  1748 | D:3      | Noticed Jessica
  1766 | D:2      | Killed Jessica
  1842 | D:3      | Identified Jessica's Tome of Execration
  1855 | D:3      | Learned a level 2 spell: Slow
  1886 | D:3      | Found an opulent altar of Gozag.
  1886 | D:3      | Found a glowing silver altar of Zin.
  1889 | D:3      | Found a hide-covered altar of Uskayaw.
  1891 | D:3      | Found a white marble altar of Elyvilon.
  1892 | D:3      | Found a radiant altar of Vehumet.
  1976 | D:3      | XOM: harmless Conj miscast
  2045 | D:3      | Noticed Ijyb
  2075 | D:3      | Killed Ijyb
  2075 | D:3      | Reached XP level 6. HP: 31/52 MP: 0/9
  2086 | D:3      | XOM: harmless Pois miscast
  2260 | D:3      | XOM: summons 3 hostile shadow creatures
  2378 | D:3      | Found a faded altar of an unknown god.
  2431 | D:3      | XOM: polymorph bat -> river rat
  2434 | D:3      | XOM: mild Tmut miscast
  2590 | D:4      | XOM: blink monster(s)
  2606 | D:4      | Reached skill level 5 in Fighting
  3209 | D:4      | XOM is BORED!
  3209 | D:4      | XOM: mild Erth miscast
  3264 | D:4      | Found a glowing golden altar of the Shining One.
  3275 | D:4      | Found a basalt altar of Yredelemnul.
  3277 | D:4      | Noticed a profane servitor
  3555 | D:4      | Noticed an angel
  3572 | D:5      | Entered Level 5 of the Dungeon
  3697 | D:5      | Gained mutation: When hurt, damage is shared between your
                  | health and your magic reserves. [demonic ancestry]
  3697 | D:5      | Reached XP level 7. HP: 34/58 MP: 2/10
  3705 | D:5      | XOM: confusion
  3708 | D:5      | XOM: polymorph crimson imp -> quasit
  4053 | D:5      | Got a jewelled leather armour
  4160 | D:5      | Identified the +1 leather armour "Myeso" {rPois Dex-3
                  | Slay+4 SInv} (You found it on level 5 of the Dungeon)
  4180 | D:5      | Noticed Eustachio
  4188 | D:5      | XOM: smoke on damage
  4192 | D:5      | XOM: medium Pois miscast
  4205 | D:5      | XOM: confusion
  4348 | D:5      | Found a shattered altar of Ashenzari.
  4457 | D:5      | XOM: scenery: create altars
  4463 | D:5      | Killed Eustachio
  4463 | D:5      | Reached skill level 1 in Unarmed Combat
  4466 | D:5      | XOM: scenery: create altars
  4577 | D:6      | Got a warped rapier
  4578 | D:6      | Identified the +10 rapier of Death's Door {drain, rC++
                  | MR++} (You found it on level 6 of the Dungeon)
  4583 | D:6      | Found a staircase to the Ecumenical Temple.
  4602 | D:6      | XOM: potion effect (berserk rage)
  4630 | D:6      | Found an opulent altar of Gozag.
  4674 | D:6      | XOM: summons 4 friendly demons
  4677 | D:6      | Reached skill level 1 in Armour
  4677 | D:6      | Gained mutation: You regenerate magic rapidly. [demonic
                  | ancestry]
  4677 | D:6      | Reached XP level 8. HP: 67/67 MP: 10/12
  4741 | D:6      | Reached skill level 5 in Poison Magic
  4756 | D:6      | Found an ornate altar of the Wu Jian Council.
  4756 | D:6      | XOM: 7-stop teleportation journey
  4849 | D:6      | XOM: scenery: 1 doors open
  4932 | D:6      | XOM: noise
  5008 | D:6      | Learned a level 3 spell: Regeneration
  5060 | D:6      | XOM: god gift: knobbly smoking staff {god gift}
  5135 | D:6      | Found a bloodstained altar of Trog.
  5146 | D:6      | Reached skill level 3 in Short Blades
  5328 | D:7      | XOM: divination: detect items
  5450 | D:7      | XOM: scenery: 1 doors open
  5450 | D:7      | Found an iron altar of Okawaru.
  5505 | D:7      | Reached XP level 9. HP: 48/75 MP: 4/14
  5558 | D:7      | XOM: give mutation
  5558 | D:7      | Gained mutation: You are agile. (Dex +2) [Xom's grace]
  5696 | D:7      | XOM: enchant monster (good)
  5779 | D:7      | XOM: confuse monster(s)
  5935 | D:7      | XOM: harmless Air miscast
  5990 | D:7      | XOM: destruction
  5999 | D:7      | Reached skill level 4 in Short Blades
  6030 | D:7      | XOM: scenery: create altars
  6148 | D:7      | Found a shimmering blue altar of Sif Muna.
  6220 | D:7      | XOM: give mutations
  6220 | D:7      | Gained mutation: You have a pair of small horns on your
                  | head. [Xom's grace]
  6220 | D:7      | Gained mutation: You possess an exceptional clarity of
                  | mind. [Xom's grace]
  6220 | D:7      | Gained mutation: You can translocate small distances at
                  | will. [Xom's grace]
  6220 | D:7      | Gained mutation: Your muscles are strong. (Str +2) [Xom's
                  | grace]
  6452 | D:8      | Found a blossoming altar of Fedhas.
  6508 | D:8      | XOM: cloud trail
  6587 | D:8      | XOM: 2-stop teleportation journey
  6602 | D:8      | Reached skill level 1 in Evocations
  6724 | D:8      | XOM: scenery: create altars
  6734 | D:8      | XOM: god gift: slimy glass ring {god gift}
  6735 | D:8      | Got a slimy glass ring {god gift}
  6737 | D:8      | Identified the ring "Orchibbuxku" {rPois MR+ Str+2 Int-4}
                  | (Xom gifted it to you on level 8 of the Dungeon)
  6797 | D:8      | XOM: scenery: create altars
  6849 | D:8      | Reached skill level 5 in Armour
  6933 | D:8      | Reached XP level 10. HP: 81/84 MP: 13/16
  6946 | D:8      | Found a burning altar of Makhleb.
  7057 | D:8      | XOM: god gift: scale mail {god gift}
  7089 | D:9      | XOM: scenery: 1 doors open
  7213 | D:9      | Found a staircase to the Lair.
  7270 | D:9      | Reached skill level 1 in Shields
  7275 | D:9      | Learned a level 3 spell: Spectral Weapon
  7295 | D:9      | XOM: cleaving
  7376 | D:9      | XOM: fog
  7493 | D:9      | Reached skill level 1 in Hexes
  7502 | D:9      | Reached skill level 1 in Charms
  7593 | D:9      | XOM: god gift: wand of disintegration (10)
  7664 | D:9      | Noticed Erolcha
  7664 | D:9      | XOM: potion effect (haste)
  7679 | D:9      | Killed Erolcha
  7679 | D:9      | Reached skill level 5 in Spellcasting
  7837 | D:10     | Entered Level 10 of the Dungeon
  7853 | D:10     | Noticed Harold
  7853 | D:10     | XOM: potion effect (agility)
  7861 | D:10     | XOM: harmless Erth miscast
  7885 | D:10     | Killed Harold
  7885 | D:10     | Reached skill level 5 in Short Blades
  7885 | D:10     | Reached skill level 1 in Necromancy
  8072 | D:10     | Learned a level 4 spell: Olgreb's Toxic Radiance
  8206 | D:10     | Gained mutation: You sometimes gain a little power by
                  | taking damage. [demonic ancestry]
  8206 | D:10     | Reached XP level 11. HP: 93/93 MP: 18/18
  8212 | D:10     | Found Sihatod's Armour Boutique.
  8506 | D:10     | Noticed a two-headed ogre
  8517 | D:10     | Killed a two-headed ogre
  8682 | D:10     | XOM: noise
  8704 | D:11     | XOM: potion effect (magic)
  8836 | D:11     | Found the amulet of the Air {Inacc +Fly rElec EV+5 RMsl}
  8870 | D:11     | XOM: cloud trail
  8899 | D:11     | Learned a level 3 spell: Conjure Flame
  8944 | D:11     | Noticed a two-headed ogre
  8951 | D:11     | Killed a two-headed ogre
  8990 | D:11     | XOM: harmless Fire miscast
  9008 | D:11     | Got a bloodstained robe
  9019 | D:11     | Identified the +3 robe of Idealism {MR+ Stlth+} (You found
                  | it on level 11 of the Dungeon)
  9066 | D:11     | Got a warped war axe
  9067 | D:11     | Identified the +7 war axe "Killer Klown's Death" {chop, MR+
                  | SInv} (You found it on level 11 of the Dungeon)
  9188 | D:11     | Found Juytia's Book Emporium.
  9287 | D:12     | Found a flagged portal.
  9302 | Bailey   | Entered a bailey
  9302 | Bailey   | Noticed an orc knight
  9318 | Bailey   | XOM: summons 6 friendly demons
  9321 | Bailey   | Noticed an orc knight
  9384 | Bailey   | XOM: confuse monster(s)
  9384 | Bailey   | Killed an orc knight
  9385 | Bailey   | Killed an orc knight
  9413 | Bailey   | XOM: summons 11 friendly demons
  9418 | Bailey   | Reached skill level 10 in Fighting
  9657 | D:12     | Noticed a deep elf mage
  9674 | D:12     | Killed a deep elf mage
  9693 | D:12     | Noticed a deep elf mage
  9715 | D:12     | Killed a deep elf mage
  9729 | D:12     | XOM: god gift: runed morningstar {god gift}
  9821 | D:10     | XOM: divination: detect items
  9860 | Lair:1   | Entered Level 1 of the Lair of Beasts
  9868 | Lair:1   | XOM: cleaving
  9872 | Lair:1   | Reached skill level 6 in Short Blades
  9892 | Lair:1   | Noticed a six-headed hydra
  9901 | Lair:1   | Killed a six-headed hydra
  9901 | Lair:1   | Reached XP level 12. HP: 41/103 MP: 9/21
  9918 | Lair:1   | XOM: fake destruction
  9995 | Lair:1   | XOM: fog
 10013 | Lair:1   | XOM: noise
 10090 | Lair:1   | XOM: summons 1 hostile shadow creature
 10228 | Lair:1   | XOM: divination: magic mapping
 10269 | Lair:1   | XOM: give mutations
 10269 | Lair:1   | Gained mutation: You have large cloven feet. [Xom's
                  | mischief]
 10269 | Lair:1   | Gained mutation: Your magical capacity is low. (-10% MP)
                  | [Xom's mischief]
 10271 | Lair:1   | Noticed Grum
 10302 | Lair:1   | Killed Grum
 10460 | Lair:1   | XOM: harmless Chrm miscast
 10524 | Lair:1   | Noticed Sonja
 10526 | Lair:1   | XOM: god gift: 37 gold pieces
 10535 | Lair:1   | Killed Sonja
 10674 | Lair:1   | Got a shimmering quarterstaff
 10698 | Lair:1   | XOM: god gift: lajatang {god gift}
 10702 | Lair:1   | XOM: blink monster(s)
 10759 | Lair:1   | XOM: noise
 10764 | Lair:1   | XOM: summons 3 friendly demons
 10779 | Lair:1   | Reached skill level 5 in Necromancy
 10918 | Lair:2   | Reached skill level 7 in Short Blades
 10922 | Lair:2   | Found a staircase to the Snake Pit.
 11218 | Lair:2   | XOM: mild Ice miscast
 11639 | Lair:3   | XOM: scenery: 2 doors open, 1 doors close
 11643 | Lair:3   | XOM: cleaving
 11988 | Lair:3   | XOM: scenery: create altars
 12257 | Lair:4   | Noticed a five-headed hydra
 12308 | Lair:4   | Got a steaming mace
 12369 | Lair:4   | XOM: 2-stop teleportation journey
 12375 | Lair:4   | Reached skill level 8 in Short Blades
 12457 | Lair:4   | XOM: polymorph komodo dragon -> shapeshifter
 12506 | Lair:4   | XOM: summons friendly crimson imp
 12512 | Lair:4   | XOM: cleaving
 12513 | Lair:4   | XOM: enchant monster (good)
 12515 | Lair:4   | XOM: potion effect (heal wounds)
 12522 | Lair:4   | Killed a five-headed hydra
 12522 | Lair:4   | Gained mutation: You sometimes gain power by taking damage.
                  | [demonic ancestry]
 12522 | Lair:4   | Reached XP level 13. HP: 59/113 MP: 15/19
 12557 | Lair:4   | Identified the +6 quarterstaff "Plog" {elec, +Fly rC+} (You
                  | found it on level 1 of the Lair of Beasts)
 12558 | Lair:4   | Identified the cursed +3 mace of the Eternal Warrior
                  | {freeze, Str+2 SInv Stlth+} (You found it on level 4 of the
                  | Lair of Beasts)
 12578 | Lair:4   | XOM: noise
 12738 | Lair:4   | Found a staircase to the Shoals.
 12819 | Lair:4   | XOM: god gift: plate armour {god gift}
 12877 | Lair:4   | XOM: mild Necr miscast
 13463 | Lair:5   | Found a staircase to the Slime Pits.
 13519 | Lair:5   | Found a dark tunnel.
 13526 | Volcano  | Entered a volcano
 13551 | Volcano  | XOM: potion effect (curing)
 13581 | Volcano  | Noticed a red draconian
 13582 | Volcano  | XOM: scenery: create altars
 13593 | Volcano  | Killed a red draconian
 13595 | Volcano  | XOM: noise
 13599 | Volcano  | XOM: silly message
 13683 | Volcano  | Reached skill level 9 in Short Blades
 13715 | Volcano  | XOM: cast spell 'Olgreb's Toxic Radiance'
 13718 | Volcano  | XOM: summons friendly crimson imp
 13818 | Volcano  | XOM: mild Ice miscast
 13966 | Lair:5   | XOM: mild Tloc miscast
 14543 | Lair:6   | Entered Level 6 of the Lair of Beasts
 14549 | Lair:6   | XOM: harmless Conj miscast
 14590 | Lair:6   | XOM: polymorph blink frog -> naga
 14741 | Lair:6   | XOM: summons friendly crimson imp
 14778 | Lair:6   | XOM: fake destruction
 14928 | Lair:6   | XOM: mild Ice miscast
 14982 | Lair:6   | Learned a level 2 spell: Song of Slaying
 15053 | Lair:6   | XOM: scenery: create altars
 15081 | Lair:6   | XOM: god gift: war axe {god gift}
 15119 | Lair:6   | XOM: confuse monster(s)
 15128 | Lair:6   | Reached skill level 10 in Short Blades
 15159 | Lair:6   | Found a bloodstained altar of Trog.
 15162 | Lair:6   | XOM: scenery: create altars
 15190 | Lair:6   | XOM: destruction
 15205 | Lair:6   | HP: 4/116 [spiny frog (2)]
 15213 | Lair:6   | XOM: divination: detect creatures
 15219 | Lair:6   | Gained mutation: You are completely covered in rugged brown
                  | scales. (AC +3, +7% HP) [demonic ancestry]
 15219 | Lair:6   | Reached XP level 14. HP: 39/126 MP: 2/20
 15309 | Lair:6   | XOM: cleaving
 15383 | Lair:6   | Reached skill level 10 in Armour
 15489 | Lair:6   | XOM: confuse monster(s)
 15533 | Lair:6   | XOM: divination: magic mapping
 15713 | Lair:6   | XOM: enchant monster (good)
 15765 | Lair:6   | XOM: give mutation
 15765 | Lair:6   | Gained mutation: Your body sometimes deteriorates upon
                  | taking damage. [Xom's mischief]
 16298 | D:12     | Found a white marble altar of Elyvilon.
 16466 | D:12     | XOM: harmless Pois miscast
 16529 | D:12     | XOM: mild Fire miscast
 16600 | D:12     | XOM: enchant monster (bad)
 16646 | D:12     | Identified the Compendium of Flamy Dislocation
 16656 | D:12     | Found a shimmering blue altar of Sif Muna.
 16715 | D:12     | Identified Egehikasul's Catalogue of Mutagenic
                  | Translocation
 16852 | D:12     | XOM: polymorph orc sorcerer -> snapping turtle
 16871 | D:12     | Identified the Handbook of Conjuration and Enchantment
 16887 | D:12     | Identified Sif Muna's Volume of Hexes and Heat
 16889 | D:12     | Identified the Almanac of Boosting Envenoming
 16947 | D:12     | Learned a level 3 spell: Ignite Poison
 17003 | D:12     | Found a staircase to the Orcish Mines.
 17004 | D:12     | Identified the +5 flail of Colawn {crush, rN++}
 17011 | D:12     | XOM: cast spell 'Statue Form'
 17101 | D:12     | Identified a scroll of acquirement
 17102 | D:12     | Found the +12 Vampire's Tooth {vamp}
 17135 | D:13     | XOM: summons friendly ufetubus
 17168 | D:13     | XOM: noise
 17177 | D:13     | XOM: confuse monster(s)
 17194 | D:13     | Found a frozen archway.
 17210 | D:13     | XOM: divination: magic mapping
 17275 | IceCv    | Entered an ice cave
 17303 | IceCv    | XOM: give mutations
 17303 | IceCv    | Gained mutation: You are somewhat resistant to further
                  | mutation. [Xom's grace]
 17303 | IceCv    | Gained mutation: Your spells are a little harder to cast,
                  | but a little more powerful. [Xom's grace]
 17303 | IceCv    | Gained mutation: Your flesh is heat resistant. (rF+) [Xom's
                  | grace]
 17343 | IceCv    | XOM: fog
 17409 | IceCv    | XOM: 2-stop teleportation journey
 17416 | IceCv    | XOM: cleaving
 17433 | IceCv    | Reached skill level 11 in Short Blades
 17550 | IceCv    | Found an ancient bone altar of Kikubaaqudgha.
 17960 | D:13     | XOM: blink monster(s)
 17968 | D:13     | XOM: enchant monster (bad)
 18026 | D:13     | Found a gate to the Vaults.
 18063 | D:13     | XOM: fake destruction
 18115 | D:13     | XOM: harmless Fire miscast
 18165 | D:13     | XOM: god gift: crystal ball of energy
 18229 | D:13     | Found a portal to a secret trove of treasure.
 18479 | D:14     | XOM: medium Hex miscast
 18559 | D:14     | Reached skill level 5 in Conjurations
 18619 | D:14     | Noticed Azrael
 18625 | D:14     | XOM: harmless Tmut miscast
 18636 | D:14     | XOM: silly message
 18646 | D:14     | Killed Azrael
 18902 | D:14     | XOM: 2-stop teleportation journey
 18975 | D:14     | XOM: god gift: 24 gold pieces
 19000 | D:14     | Gained mutation: Your flesh is cold resistant. (rC+)
                  | [demonic ancestry]
 19000 | D:14     | Reached XP level 15. HP: 101/134 MP: 5/23
 19247 | D:14     | XOM: summons 1 hostile demon
 19314 | D:14     | XOM: harmless Tmut miscast
 19501 | D:14     | XOM: medium Pois miscast
 19619 | D:14     | XOM: mild Fire miscast
 19642 | D:15     | Entered Level 15 of the Dungeon
 19842 | D:15     | XOM: noise
 19957 | D:15     | XOM: give mutations
 19957 | D:15     | Lost mutation: Your magical capacity is low. (-10% MP)
                  | [Xom's mischief]
 19957 | D:15     | Lost mutation: Your flesh is heat resistant. (rF+) [Xom's
                  | mischief]
 19976 | D:15     | XOM: polymorph centaur -> hound
 19977 | D:15     | XOM: summons friendly iron imp
 19996 | D:15     | XOM: smoke on damage
 20037 | D:15     | Found a shadowy altar of Dithmenos.
 20068 | D:15     | XOM: summons 6 friendly demons
 20078 | D:15     | XOM: summons friendly shadow imp
 20172 | D:15     | Found a staircase to the Depths.
 20195 | D:15     | Got a spiked plate armour
 20206 | D:15     | Identified the +3 plate armour of the Forsaken Queens
                  | {Int+4 Slay+2} (You found it on level 15 of the Dungeon)
 20263 | D:15     | XOM: summons 2 hostile demons
 20415 | Orc:1    | Entered Level 1 of the Orcish Mines
 20493 | Orc:1    | Found a roughly hewn altar of Beogh.
 20594 | Orc:1    | XOM: stat loss: -1 Dex (19/20)
 20694 | Orc:2    | Entered Level 2 of the Orcish Mines
 20814 | Orc:2    | XOM: harmless Ice miscast
 20820 | Orc:2    | Found a roughly hewn altar of Beogh.
 20953 | Orc:2    | Found a staircase to the Elven Halls.
 20994 | Orc:2    | Found Fink's General Store.
 21008 | Orc:2    | Found Ususch's General Store.
 21286 | Orc:2    | XOM: summons 5 hostile demons
 21329 | Orc:2    | Reached skill level 12 in Short Blades
 21579 | Orc:2    | XOM: draining
 21587 | Orc:2    | Reached skill level 15 in Fighting
 21696 | Orc:2    | XOM: give mutations
 21696 | Orc:2    | Lost mutation: Your muscles are strong. (Str +2) [Xom's
                  | mischief]
 21696 | Orc:2    | Gained mutation: You occasionally shout uncontrollably at
                  | your foes. [Xom's mischief]
 21696 | Orc:2    | Gained mutation: You are weak. (Str -2) [Xom's mischief]
 21696 | Orc:2    | Lost mutation: You are weak. (Str -2) [Xom's mischief]
 21697 | Orc:2    | XOM: stat loss: -1 Str (15/16)
 21704 | Orc:2    | HP: 4/138 [orc knight/+1 battleaxe of electrocution (14)]
 21997 | Orc:2    | XOM: noise
 22064 | Orc:2    | Found Miawnoch's Gadget Boutique.
 22064 | Orc:2    | Found Muthruott's Antique Armour Shop.
 22068 | Orc:2    | Found a one-way gate leading to the halls of Pandemonium.
 22119 | Orc:2    | XOM: give mutation
 22119 | Orc:2    | Gained mutation: You sometimes yell uncontrollably at your
                  | foes. [Xom's mischief]
 22258 | Depths:1 | Entered Level 1 of the Depths
 22260 | Depths:1 | XOM: enchant monster (good)
 22283 | D:15     | XOM: enchant monster (good)
 22288 | D:15     | XOM: harmless Chrm miscast
 22649 | D:15     | XOM: enchant monster (bad)
 22674 | Depths:1 | XOM: blink monster(s)
 22679 | D:15     | XOM: harmless Fire miscast
 22969 | D:15     | Reached XP level 16. HP: 57/146 MP: 16/28
 23322 | Depths:1 | XOM: repel stairs
 23327 | Depths:1 | XOM: torment (72/146 hp)
 23336 | Depths:1 | XOM: confuse monster(s)
 23343 | Depths:1 | Reached skill level 13 in Short Blades
 23829 | D:9      | XOM: mild Chrm miscast
 23856 | Snake:1  | Entered Level 1 of the Snake Pit
 23879 | Snake:1  | XOM: medium Ice miscast
 23884 | Snake:1  | XOM: enchant monster (bad)
 23901 | Snake:1  | XOM: swap monsters
 23991 | Snake:1  | XOM: 1-stop teleportation journey
 24003 | Snake:1  | Found Jicint's Magic Scroll Boutique.
 24032 | Snake:1  | XOM: swap monsters
 24046 | Snake:1  | XOM: swap monsters
 24058 | Snake:1  | XOM: draining
 24072 | Snake:1  | XOM: enchant monster (bad)
 24086 | Snake:1  | XOM: 1-stop teleportation journey
 24142 | Snake:1  | XOM: chaos upgrade
 24183 | Snake:1  | XOM: medium Hex miscast
 24200 | Snake:1  | XOM: medium Hex miscast
 24220 | Snake:1  | XOM: blink monster(s)
 24252 | Snake:1  | XOM: severe Necr miscast
 24380 | Snake:1  | XOM: harmless Fire miscast
 24468 | Snake:1  | XOM: summons 2 hostile shadow creatures
 24520 | Snake:2  | Noticed Frances
 24551 | Snake:2  | XOM: severe Pois miscast
 24685 | Snake:2  | XOM: noise
 24686 | Snake:2  | Killed Frances
 24731 | Snake:2  | XOM: chaos upgrade
 24945 | Snake:2  | XOM: god gift: potion of agility
 24946 | Snake:2  | XOM: divination: magic mapping
 24997 | Snake:2  | XOM: mild Hex miscast
 25009 | Snake:2  | XOM: confuse monster(s)
 25014 | Snake:2  | XOM: enchant monster (bad)
 25074 | Snake:2  | XOM: mild Fire miscast
 25096 | Snake:2  | You fall into a shaft and drop 1 floor!
 25118 | Snake:2  | XOM: noise
 25174 | Snake:2  | XOM: noise
 25175 | Snake:2  | XOM: confuse monster(s)
 25478 | Snake:2  | XOM: scenery: create altars
 25487 | Snake:2  | XOM: snakes to sticks
 25502 | Snake:3  | XOM: enchant monster (good)
 25520 | Snake:3  | XOM: confuse monster(s)
 25671 | Snake:3  | Reached skill level 14 in Short Blades
 25720 | Snake:3  | XOM: noise
 25801 | Snake:3  | XOM: harmless Pois miscast
 25808 | Snake:3  | XOM: harmless Hex miscast
 25883 | Snake:3  | XOM: potion effect (haste)
 25893 | Snake:3  | XOM: harmless Necr miscast
 26066 | Snake:3  | Noticed Louise
 26095 | Snake:3  | Killed Louise
 26162 | Snake:3  | XOM: harmless Conj miscast
 26299 | Snake:3  | XOM: harmless Necr miscast
 26380 | Snake:3  | XOM: mild Erth miscast
 26534 | Snake:4  | XOM: stealth player
 26534 | Snake:4  | Entered Level 4 of the Snake Pit
 26576 | Snake:4  | Found a flickering gateway to a bazaar.
 26589 | Bazaar   | Entered a bazaar
 26593 | Bazaar   | Found Ziycwu's Assorted Antiques.
 26611 | Bazaar   | Found Mashif's Antique Weapon Emporium.
 26628 | Bazaar   | Found Enet's Assorted Antiques.
 26645 | Bazaar   | Found Hicull's Antique Weapon Shoppe.
 26682 | Bazaar   | Bought a glowing quick blade for 360 gold pieces
 26682 | Bazaar   | Bought a jewelled spear for 160 gold pieces
 26682 | Bazaar   | Identified the +7 spear of Defence by Offence {freeze, +Fly
                  | SInv} (You bought it in a shop in a bazaar)
 26700 | Bazaar   | Bought a scroll labeled ADAIF FYCS for 18 gold pieces
 26700 | Bazaar   | Bought a potion of heal wounds for 90 gold pieces
 26730 | Bazaar   | Bought a potion of haste for 110 gold pieces
 26730 | Bazaar   | Bought a potion of haste for 110 gold pieces
 26730 | Bazaar   | Bought a runed leatherbound book for 165 gold pieces
 26730 | Bazaar   | Bought a scroll of blinking for 82 gold pieces
 26730 | Bazaar   | Bought a potion of cancellation for 88 gold pieces
 26788 | Snake:4  | XOM: polymorph naga -> boggart
 26812 | Snake:4  | Reached XP level 17. HP: 155/156 MP: 25/29
 26980 | Snake:4  | XOM: give mutations
 26980 | Snake:4  | Lost mutation: You are agile. (Dex +2) [Xom's mischief]
 26980 | Snake:4  | Lost mutation: You can translocate small distances at will.
                  | [Xom's mischief]
 26980 | Snake:4  | Gained mutation: Your flesh is heat resistant. (rF+) [Xom's
                  | mischief]
 27074 | Snake:4  | Found a sparkling altar of Nemelex Xobeh.
 27196 | Snake:4  | XOM: destruction
 27202 | Snake:4  | XOM: snakes to sticks
 27214 | Snake:4  | XOM: cast spell 'Summon Small Mammal'
 27231 | Snake:4  | XOM: harmless Hex miscast
 27270 | Snake:4  | XOM: cast spell 'Alistair's Intoxication'
 27318 | Snake:4  | XOM: harmless Summ miscast
 27324 | Snake:4  | XOM: destruction
 27361 | Snake:4  | XOM: summons 2 friendly demons
 27376 | Snake:4  | XOM: cast spell 'Necromutation'
 27389 | Snake:4  | Noticed Vashnia
 27392 | Snake:4  | XOM: confuse monster(s)
 27396 | Snake:4  | XOM: cast spell 'Summon Horrible Things'
 27398 | Snake:4  | XOM: harmless Conj miscast
 27430 | Snake:4  | XOM: enchant monster (good)
 27477 | Snake:4  | Killed Vashnia
 27571 | Snake:4  | Got a serpentine rune of Zot
 28127 | Shoals:1 | Entered Level 1 of the Shoals
 28127 | Shoals:1 | Noticed Jorgrun
 28144 | Lair:4   | Killed Jorgrun
 28168 | Shoals:1 | XOM: noise
 28176 | Shoals:1 | XOM: chaos upgrade
 28319 | Shoals:1 | Identified the +0 robe of the Lost Path {rF+ Regen+ Stlth+}
                  | (You found it on level 1 of the Shoals)
 28366 | Shoals:1 | XOM: destruction
 28367 | Shoals:1 | XOM: summons 2 friendly demons
 28386 | Shoals:1 | XOM: mild Hex miscast
 28480 | Shoals:1 | XOM: mild Summ miscast
 28689 | Shoals:1 | XOM: harmless Conj miscast
 28743 | Shoals:1 | XOM: cast spell 'Leda's Liquefaction'
 28744 | Shoals:1 | XOM: harmless Ice miscast
 28977 | Shoals:2 | Found a transporter.
 28983 | Shoals:2 | Reached skill level 15 in Short Blades
 29028 | Shoals:2 | Got a twisted plate armour
 29038 | Shoals:2 | Identified the cursed +1 plate armour of Beogh's
                  | Castigation {Dex+3} (You found it on level 2 of the Shoals)
 29090 | Shoals:2 | XOM: cast spell 'Cause Fear'
 29212 | Shoals:2 | Gained mutation: You are immune to freezing clouds.
                  | [demonic ancestry]
 29212 | Shoals:2 | Reached XP level 18. HP: 166/166 MP: 30/30
 29257 | Shoals:2 | XOM: confuse monster(s)
 29266 | Shoals:2 | XOM: enchant monster (good)
 29271 | Shoals:2 | XOM: harmless Chrm miscast
 29290 | Shoals:2 | Noticed Polyphemus
 29309 | Shoals:2 | Noticed Polyphemus
 29309 | Shoals:2 | Polyphemus changed into Polyphemus the dire elephant
 29309 | Shoals:2 | XOM: polymorph Polyphemus -> Polyphemus the dire elephant
 29338 | Shoals:2 | Killed Polyphemus the dire elephant
 29628 | Shoals:2 | Found a transporter.
 29799 | Shoals:3 | XOM: confuse monster(s)
 29947 | Shoals:3 | XOM: enchant monster (good)
 30066 | Shoals:3 | XOM: confuse monster(s)
 30079 | Shoals:3 | XOM: polymorph wind drake -> eye of draining
 30464 | Shoals:4 | Entered Level 4 of the Shoals
 30491 | Shoals:4 | XOM: enchant monster (good)
 30499 | Shoals:4 | XOM: god gift: wand of clouds (6)
 30667 | Shoals:4 | XOM: cast spell 'Dispersal'
 30673 | Shoals:4 | XOM: summons friendly crimson imp
 30678 | Shoals:4 | XOM: divination: detect items
 30689 | Shoals:4 | XOM: cast spell 'Olgreb's Toxic Radiance'
 30726 | Shoals:4 | XOM: smoke on damage
 30758 | Shoals:4 | XOM: enchant monster (bad)
 30769 | Shoals:4 | XOM: enchant monster (good)
 30798 | Shoals:4 | XOM: polymorph merfolk impaler -> water nymph
 30801 | Shoals:4 | XOM: destruction
 30803 | Shoals:4 | XOM: polymorph water nymph -> sea snake
 30804 | Shoals:4 | XOM: god gift: glowing dagger {god gift}
 30816 | Shoals:4 | Reached skill level 15 in Armour
 30816 | Shoals:4 | XOM: harmless Chrm miscast
 30836 | Shoals:4 | XOM: potion effect (experience)
 30836 | Shoals:4 | Reached skill level 5 in Shields
 30836 | Shoals:4 | Gained mutation: You have claws for hands. [demonic
                  | ancestry]
 30836 | Shoals:4 | Reached XP level 19. HP: 147/174 MP: 22/31
 30838 | Shoals:4 | XOM: potion effect (agility)
 30917 | Shoals:4 | Got a barnacled rune of Zot
 31111 | Shoals:4 | XOM: potion effect (heal wounds)
 31152 | Shoals:4 | XOM: summons friendly ufetubus
 31324 | Shoals:4 | XOM: summons 5 friendly demons
 31329 | Shoals:4 | XOM: polymorph ufetubus -> white imp
 31332 | Shoals:4 | XOM: cast spell 'Olgreb's Toxic Radiance'
 31339 | Shoals:4 | Reached skill level 16 in Short Blades
 31344 | Shoals:4 | Identified the Almanac of the Oath and Enhancements
 31464 | Shoals:4 | XOM: destruction
 31656 | Shoals:4 | XOM: fog
 31759 | Shoals:2 | XOM: cast spell 'Leda's Liquefaction'
 31794 | Shoals:2 | XOM: smoke on damage
 31807 | Shoals:2 | XOM: summons 5 hostile demons
 31860 | Shoals:2 | Got a twitching zirconium amulet
 31862 | Shoals:2 | Identified the amulet "Hyzxir" {Reflect rElec rF++ rC+
                  | Int-5 SH+4} (You found it on level 2 of the Shoals)
 31873 | Shoals:2 | Got a crystal quarterstaff
 31874 | Shoals:2 | Identified the cursed +1 quarterstaff "Vuhat" {vamp, rElec
                  | rF+} (You found it on level 2 of the Shoals)
 31880 | Shoals:2 | Got a steaming brass ring
 31882 | Shoals:2 | Identified the ring of Zunatouck {rN+ MR+} (You found it on
                  | level 2 of the Shoals)
 31986 | Shoals:2 | XOM: summons 1 hostile demon
 32232 | Vaults:1 | Entered Level 1 of the Vaults
 32306 | Vaults:1 | XOM: 1-stop teleportation journey
 32310 | Vaults:1 | XOM: 1-stop teleportation journey
 32311 | Vaults:1 | XOM: medium Tloc miscast
 32311 | Vaults:1 | Cast into level 4 of the Abyss (the capriciousness of Xom)
 32337 | Abyss:4  | XOM: cast spell 'Call Canine Familiar'
 32342 | Abyss:4  | XOM: summons 4 hostile shadow creatures
 32349 | Abyss:4  | XOM: cast spell 'Olgreb's Toxic Radiance'
 32369 | Abyss:4  | Noticed a bone dragon
 32375 | Abyss:4  | XOM: enchant monster (good)
 32379 | Abyss:4  | Paralysed by accursed screaming for 1 turns
 32476 | Abyss:4  | Noticed a bone dragon
 32488 | Abyss:4  | XOM: silly message
 32502 | Abyss:4  | XOM: scenery: create altars
 32510 | Abyss:4  | Killed a bone dragon
 32532 | Abyss:4  | Found a shimmering altar of Xom.
 32554 | Abyss:4  | XOM: destruction
 32796 | Abyss:4  | XOM: mild Conj miscast
 32976 | Abyss:4  | XOM: mild Tloc miscast
 33070 | Abyss:4  | XOM: summons 2 hostile demons
 33346 | Abyss:4  | XOM: summons 2 hostile demons
 33401 | Abyss:4  | XOM: god gift: 18 stones
 33579 | Abyss:4  | XOM: give mutations
 33579 | Abyss:4  | Gained mutation: Your muscles are strong. (Str +2) [Xom's
                  | mischief]
 33579 | Abyss:4  | Lost mutation: You have a pair of small horns on your head.
                  | [Xom's mischief]
 33655 | Abyss:4  | XOM: summons 5 friendly demons
 33664 | Abyss:4  | Reached skill level 17 in Short Blades
 33669 | Abyss:4  | XOM: give mutations
 33669 | Abyss:4  | Gained mutation: Your muscles are very strong. (Str +4)
                  | [Xom's grace]
 33669 | Abyss:4  | Gained mutation: You expend magic power (3 MP) to
                  | strengthen your wands. [Xom's grace]
 33685 | Abyss:4  | XOM: summons 5 friendly demons
 33700 | Abyss:4  | Noticed a lich
 33706 | Abyss:4  | Noticed a lich
 33706 | Abyss:4  | Noticed an ancient lich
 33710 | Abyss:4  | XOM: polymorph something unseen -> moth of wrath
 33715 | Abyss:4  | XOM: summons 8 friendly demons
 33715 | Abyss:4  | Noticed a lich
 33723 | Abyss:4  | Paralysed by you for 2 turns
 33738 | Vaults:1 | Escaped the Abyss
 33741 | Vaults:1 | XOM: enchant monster (good)
 33806 | Vaults:1 | Upgraded the game from 0.24.0-123-gd5b16e6ec5 to
                  | 0.24.0-124-g2791043dd8
 33836 | Vaults:1 | XOM: cleaving
 33847 | Vaults:1 | XOM: cleaving
 33865 | Vaults:1 | Killed a lich
 34002 | Vaults:1 | Reached XP level 20. HP: 181/181 MP: 32/32
 34107 | Vaults:1 | XOM: divination: detect creatures
 34119 | Vaults:1 | XOM: confuse monster(s)
 34136 | Vaults:1 | XOM: fog
 34193 | Vaults:1 | XOM: enchant monster (good)
 34460 | Vaults:1 | XOM: enchant monster (good)
 34467 | Vaults:1 | XOM: 2-stop teleportation journey
 34469 | Vaults:1 | XOM: summons 4 friendly demons
 34473 | Vaults:1 | Reached skill level 18 in Short Blades
 34480 | Vaults:1 | XOM: polymorph yaktaur captain -> azure jelly
 34487 | Vaults:1 | XOM: chaos upgrade
 34490 | Vaults:1 | XOM: noise
 34714 | Vaults:1 | XOM: summons friendly ufetubus
 34733 | Vaults:1 | XOM: confuse monster(s)
 34931 | Vaults:1 | Found Geor Mem's Armour Shop.
 34938 | Vaults:1 | Bought the +2 pair of boots of the Snail {-Tele rN+ Regen+
                  | Int+4} for 627 gold pieces
 35057 | Vaults:1 | XOM: summons 2 friendly demons
 35062 | Vaults:1 | XOM: potion effect (brilliance)
 35090 | Vaults:1 | XOM: potion effect (invisibility)
 35151 | Vaults:1 | XOM: harmless Hex miscast
 35253 | Vaults:1 | XOM: harmless Tmut miscast
 35331 | Vaults:1 | XOM: silly message
 35607 | Vaults:1 | XOM: harmless Tmut miscast
 35682 | Vaults:1 | XOM: potion effect (might)
 35689 | Vaults:1 | Killed an ancient lich
 35689 | Vaults:1 | Reached skill level 19 in Short Blades
 35728 | Vaults:2 | XOM: potion effect (brilliance)
 35734 | Vaults:2 | XOM: silly message
 35744 | Vaults:2 | XOM: potion effect (haste)
 35835 | Vaults:2 | XOM: potion effect (berserk rage)
 35860 | Vaults:2 | XOM: divination: magic mapping
 35926 | Vaults:2 | XOM: divination: detect creatures
 35955 | Vaults:2 | XOM: divination: detect creatures
 35964 | Vaults:2 | XOM: cast spell 'Summon Ice Beast'
 36017 | Vaults:2 | Found Igeaphon's Jewellery Emporium.
 36019 | Vaults:2 | XOM: divination: detect creatures
 36051 | Vaults:2 | XOM: cast spell 'Leda's Liquefaction'
 36055 | Vaults:2 | XOM: harmless Tmut miscast
 36091 | Vaults:2 | XOM: cast spell 'Olgreb's Toxic Radiance'
 36094 | Vaults:2 | XOM: divination: magic mapping
 36097 | Vaults:2 | XOM: confuse monster(s)
 36106 | Vaults:2 | XOM: draining
 36117 | Vaults:2 | XOM: swap monsters
 36121 | Vaults:2 | XOM: mild Chrm miscast
 36144 | Vaults:2 | XOM: harmless Hex miscast
 36150 | Vaults:2 | XOM: potion effect (haste)
 36234 | Vaults:2 | XOM: cleaving
 36238 | Vaults:2 | XOM: polymorph vault warden -> iron troll
 36259 | Vaults:2 | XOM: confuse monster(s)
 36339 | Vaults:2 | XOM: give mutation
 36339 | Vaults:2 | Gained mutation: Your spells are harder to cast, but more
                  | powerful. [Xom's grace]
 36354 | Vaults:2 | XOM: potion effect (agility)
 36438 | Vaults:2 | XOM: potion effect (invisibility)
 36600 | Vaults:2 | XOM: mild Ice miscast
 36800 | Vaults:2 | XOM: potion effect (experience)
 36800 | Vaults:2 | Reached skill level 10 in Shields
 36800 | Vaults:2 | Reached XP level 21. HP: 171/189 MP: 29/33
 36805 | Vaults:2 | XOM: divine lightning
 36851 | Vaults:2 | XOM: god gift: 1180 gold pieces
 36894 | Vaults:2 | XOM: confuse monster(s)
 36896 | Vaults:2 | XOM: enchant monster (good)
 36980 | Vaults:2 | XOM: destruction
 36982 | Vaults:2 | XOM: harmless Tmut miscast
 37342 | Vaults:3 | Reached skill level 20 in Short Blades
 37383 | Vaults:3 | XOM: potion effect (agility)
 37395 | Vaults:3 | Reached XP level 22. HP: 192/196 MP: 34/34
 37408 | Vaults:3 | XOM: cast spell 'Leda's Liquefaction'
 37653 | Vaults:3 | XOM: harmless Air miscast
 37781 | Vaults:3 | XOM: mild Air miscast
 37884 | Vaults:3 | XOM: mild Pois miscast
 37951 | Vaults:3 | XOM: enchant monster (bad)
 38058 | Vaults:3 | Found Inlom's Armour Shoppe.
 38412 | Vaults:3 | Found a staircase to the Crypt.
 38412 | Vaults:3 | Found a basalt altar of Yredelemnul.
 38413 | Vaults:3 | Found an ancient bone altar of Kikubaaqudgha.
 38482 | Vaults:3 | XOM: noise
 38619 | Vaults:3 | XOM: god gift: spear {god gift}
 38708 | Vaults:3 | XOM: silly message
 38874 | Vaults:4 | XOM: mild Erth miscast
 39076 | Vaults:4 | Got an encrusted crystal plate armour
 39086 | Vaults:4 | Identified the +12 crystal plate armour of Supple Strength
                  | {rElec rF+ MR+ Slay-6} (You acquired it on level 4 of the
                  | Vaults)
 39372 | Vaults:4 | Found Xiteuru's Assorted Antiques.
 39380 | Vaults:4 | Bought a potion of heal wounds for 150 gold pieces
 39380 | Vaults:4 | Bought a scroll of teleportation for 90 gold pieces
 39448 | Vaults:4 | Found Pulag's Food Shop.
 39539 | Vaults:4 | Noticed Xtahua
 39545 | Vaults:4 | XOM: divination: magic mapping
 39591 | Vaults:4 | Killed Xtahua
 39712 | Vaults:4 | XOM: summons 4 friendly demons
 39714 | Vaults:4 | XOM: destruction
 39738 | Vaults:4 | XOM: divination: detect items
 39865 | Vaults:4 | XOM: scenery: 1 doors close
 39978 | Vaults:4 | XOM: summons friendly white imp
 39979 | Vaults:4 | XOM: chaos cloud
 39982 | Vaults:4 | Paralysed by you for 7 turns
 40009 | Vaults:4 | XOM: stat loss: -1 Str (21/22)
 40136 | Vaults:4 | Found Tiku's Gadget Emporium.
 40313 | Vaults:5 | Entered Level 5 of the Vaults
 40385 | Vaults:1 | XOM: harmless Conj miscast
 40563 | Depths:1 | XOM: polymorph deep troll -> slime creature
 40585 | Depths:1 | XOM: torment (123/197 hp)
 40589 | Depths:1 | XOM: harmless Tmut miscast
 40712 | Depths:1 | XOM: cleaving
 40715 | Depths:1 | XOM: blink monster(s)
 40720 | Depths:1 | XOM: harmless Air miscast
 40733 | Depths:1 | XOM: potion effect (experience)
 40733 | Depths:1 | Gained mutation: A frigid envelope surrounds you and
                  | freezes all who hurt you. [demonic ancestry]
 40733 | Depths:1 | Reached XP level 23. HP: 205/205 MP: 35/35
 40744 | Depths:1 | XOM: potion effect (haste)
 40791 | Depths:1 | XOM: harmless Summ miscast
 40824 | Depths:1 | XOM: potion effect (haste)
 40832 | Depths:1 | XOM: enchant monster (bad)
 40870 | Depths:1 | XOM: cast spell 'Summon Butterflies'
 40889 | Depths:1 | XOM: mild Fire miscast
 40900 | Depths:1 | XOM: cast spell 'Summon Mana Viper'
 40930 | Depths:1 | XOM: blink monster(s)
 40954 | Depths:1 | XOM: potion effect (brilliance)
 40960 | Depths:1 | XOM: potion effect (agility)
 40968 | Depths:1 | XOM: divination: detect items
 40974 | Depths:1 | XOM: enchant monster (bad)
 40988 | Depths:1 | XOM: cleaving
 41011 | Depths:1 | XOM: fog
 41022 | Depths:1 | XOM: god gift: 20 stones
 41169 | Depths:1 | Found a gateway to Hell.
 41197 | Depths:1 | XOM: scenery: create altars
 41481 | Depths:2 | Found a runed translucent gate.
 41481 | Depths:2 | Found a runed translucent gate.
 41481 | Depths:2 | Found a runed translucent gate.
 41481 | Depths:2 | Noticed Dieptu's ghost (adept MiBe)
 41528 | Depths:2 | XOM: cleaving
 41530 | Depths:2 | XOM: enchant monster (bad)
 41562 | Depths:2 | XOM: summons 2 friendly demons
 41575 | Depths:2 | XOM: enchant monster (good)
 41584 | Depths:2 | XOM: enchant monster (good)
 41599 | Depths:2 | XOM: chaos upgrade
 41601 | Depths:2 | XOM: blink monster(s)
 41620 | Depths:2 | XOM: repel stairs
 41627 | Depths:2 | XOM: divine lightning
 41800 | Depths:2 | Noticed the Enchantress
 41805 | Depths:2 | XOM: enchant monster (good)
 41829 | Depths:2 | Killed the Enchantress
 41829 | Depths:2 | XOM: divine lightning
 41883 | Depths:2 | XOM: snakes to sticks
 41889 | Depths:2 | XOM: blink monster(s)
 41890 | Depths:2 | XOM: polymorph white imp -> iron imp
 41904 | Depths:2 | XOM: scenery: create altars
 41958 | Depths:2 | Noticed Asterion
 41992 | Depths:2 | Killed Asterion
 42067 | Depths:2 | XOM: summons 11 hostile demons
 42138 | Depths:2 | XOM: harmless Air miscast
 42203 | Depths:2 | XOM: potion effect (berserk rage)
 42452 | Depths:2 | XOM: potion effect (invisibility)
 42555 | Depths:2 | Found a viscous altar of Jiyva.
 42618 | Depths:3 | Found Tiofy's Distillery.
 42625 | Depths:3 | XOM: potion effect (brilliance)
 42627 | Depths:3 | XOM: confuse monster(s)
 42661 | Depths:3 | Bought a potion of mutation for 136 gold pieces
 42661 | Depths:3 | Bought 2 potions of haste for 340 gold pieces
 42661 | Depths:3 | Bought a potion of might for 68 gold pieces
 42839 | Depths:3 | Gained mutation: When low on magic, you restore magic in
                  | place of health. [demonic ancestry]
 42839 | Depths:3 | Reached XP level 24. HP: 215/215 MP: 35/35
 42863 | Depths:3 | XOM: blink monster(s)
 42866 | Depths:3 | XOM: summons 1 hostile demon
 42904 | Depths:3 | XOM: noise
 42977 | Depths:3 | XOM: summons friendly crimson imp
 43012 | Depths:3 | Lost mutation: Your spells are harder to cast, but more
                  | powerful. [a cacodemon]
 43028 | Depths:3 | Gained mutation: Armour fits poorly on your strangely
                  | shaped body. [a cacodemon]
 43051 | Depths:3 | XOM: enchant monster (good)
 43069 | Depths:3 | Noticed Mennas
 43075 | Depths:3 | XOM: fake destruction
 43084 | Depths:3 | XOM: confuse monster(s)
 43089 | Depths:3 | XOM: medium Ice miscast
 43103 | Depths:3 | Killed Mennas
 43125 | Depths:3 | XOM: divination: magic mapping
 43208 | Depths:3 | Noticed Aizul
 43213 | Depths:3 | XOM: noise
 43217 | Depths:3 | XOM: medium Air miscast
 43218 | Depths:3 | XOM: enchant monster (good)
 43237 | Depths:3 | Killed Aizul
 43248 | Depths:3 | XOM: chaos upgrade
 43286 | Depths:3 | XOM: summons 3 friendly demons
 43294 | Depths:3 | XOM: confuse monster(s)
 43561 | Depths:3 | Lost mutation: Your spells are a little harder to cast, but
                  | a little more powerful. [potion of mutation]
 43561 | Depths:3 | Lost mutation: You sometimes yell uncontrollably at your
                  | foes. [potion of mutation]
 43561 | Depths:3 | Lost mutation: Armour fits poorly on your strangely shaped
                  | body. [potion of mutation]
 43585 | Depths:3 | XOM: polymorph ufetubus -> white imp
 43586 | Depths:3 | XOM: blink monster(s)
 43671 | Depths:3 | XOM: noise
 43707 | Depths:3 | XOM: divination: detect creatures
 43717 | Depths:3 | XOM: cleaving
 43755 | Depths:3 | XOM: noise
 43852 | Depths:3 | XOM: cleaving
 43876 | Depths:3 | XOM: noise
 43879 | Depths:3 | XOM: noise
 44026 | Depths:3 | XOM: summons friendly quasit
 44031 | Depths:3 | XOM: swap monsters
 44155 | Depths:3 | XOM: god gift: 3 boomerangs of dispersal
 44356 | Depths:4 | XOM: divine lightning
 44419 | Depths:4 | XOM: enchant monster (good)
 44471 | Depths:4 | XOM: fog
 44535 | Depths:4 | XOM: harmless Chrm miscast
 44558 | Depths:4 | XOM: enchant monster (bad)
 44796 | Depths:4 | XOM: cloud trail
 44823 | Depths:4 | Found a one-way gate to the infinite horrors of the Abyss.
 45001 | Depths:4 | Noticed a juggernaut
 45010 | Depths:4 | XOM: divination: magic mapping
 45031 | Depths:4 | XOM: summons friendly quasit
 45054 | Depths:4 | XOM: severe Tloc miscast
 45056 | Depths:4 | XOM: fog
 45114 | Depths:4 | XOM: god gift: 36 gold pieces
 45173 | Depths:4 | Reached skill level 15 in Shields
 45202 | Depths:4 | XOM: cast spell 'Summon Dragon'
 45435 | Depths:4 | XOM: scenery: 2 doors close
 45550 | Depths:4 | XOM: summons friendly shadow imp
 45552 | Depths:4 | Noticed a juggernaut
 45556 | Depths:4 | XOM: summons friendly quasit
 45578 | Depths:4 | XOM: cast spell 'Olgreb's Toxic Radiance'
 45586 | Depths:4 | Killed a juggernaut
 45586 | Depths:4 | Reached skill level 21 in Short Blades
 45589 | Depths:4 | XOM: destruction
 45591 | Depths:4 | XOM: summons 3 hostile shadow creatures
 45606 | Depths:4 | Identified the +8 short sword "Pouraso" {speed, +Fly rElec
                  | Str+3}
 45621 | Depths:4 | XOM: mild Pois miscast
 45656 | Depths:4 | XOM: enchant monster (bad)
 45712 | Depths:4 | Killed a juggernaut
 45716 | Depths:4 | XOM: confuse monster(s)
 45717 | Depths:4 | XOM: confuse monster(s)
 45772 | Depths:4 | XOM: enchant monster (bad)
 46076 | Elf:1    | Entered Level 1 of the Elven Halls
 46207 | Elf:1    | XOM: blink monster(s)
 46226 | Elf:1    | XOM: swap monsters
 46230 | Elf:1    | XOM: polymorph tarantella -> dream sheep
 46235 | Elf:1    | XOM: noise
 46251 | Elf:1    | XOM: torment (133/217 hp)
 46260 | Elf:1    | XOM: chaos upgrade
 46262 | Elf:1    | XOM: polymorph sun demon -> soul eater
 46271 | Elf:1    | XOM: harmless Fire miscast
 46278 | Elf:1    | XOM: polymorph soul eater -> sun demon
 46297 | Elf:1    | XOM: noise
 46300 | Elf:1    | XOM: cleaving
 46304 | Elf:1    | XOM: enchant monster (bad)
 46332 | Elf:1    | XOM: noise
 46358 | Elf:1    | XOM: summons 6 hostile demons
 46376 | Elf:1    | XOM: blink monster(s)
 46407 | Elf:1    | Reached XP level 25. HP: 165/224 MP: 31/35
 46517 | Elf:1    | XOM: harmless Chrm miscast
 46671 | Elf:1    | You fall into a shaft and drop 1 floor!
 46671 | Elf:2    | XOM: noise
 46671 | Elf:2    | XOM: blink monster(s)
 46719 | Elf:2    | XOM: fog
 46736 | Elf:2    | XOM: polymorph deep elf blademaster -> sphinx
 46755 | Elf:2    | XOM: summons friendly shadow imp
 46778 | Elf:2    | XOM: god gift: 40 gold pieces
 46848 | Elf:2    | XOM: cast spell 'Alistair's Intoxication'
 46964 | Elf:2    | XOM: noise
 46967 | Elf:2    | XOM: enchant monster (good)
 47065 | Elf:2    | Found a runed translucent gate.
 47066 | Elf:2    | Found a runed translucent gate.
 47070 | Elf:2    | Found a runed translucent gate.
 47360 | Elf:2    | Found a runed translucent gate.
 47360 | Elf:2    | Found a runed translucent gate.
 47370 | Elf:2    | Found a runed translucent gate.
 47393 | Elf:2    | XOM: noise
 47673 | Elf:3    | Entered Level 3 of the Elven Halls
 47816 | Elf:1    | Identified the Reference Book on Creative Attacks
 48072 | Elf:3    | Found Qodyuwip's Antique Weapon Shop.
 48155 | Elf:3    | XOM: polymorph electric eel -> jelly
 48168 | Elf:3    | XOM: give mutations
 48168 | Elf:3    | Gained mutation: You do not regenerate when monsters are
                  | visible. [Xom's mischief]
 48168 | Elf:3    | Gained mutation: You are dopey. (Int -2) [Xom's mischief]
 48189 | Elf:3    | Noticed Donald
 48208 | Elf:3    | XOM: confuse monster(s)
 48210 | Elf:3    | XOM: mild Necr miscast
 48212 | Elf:3    | Killed Donald
 48270 | Elf:3    | Found a radiant altar of Vehumet.
 48311 | Elf:3    | XOM: mild Fire miscast
 48366 | Elf:3    | XOM: summons friendly quasit
 48380 | Elf:3    | XOM: summons 5 friendly demons
 48405 | Elf:3    | XOM: scenery: 1 doors close
 48651 | Elf:3    | Found Allatouwn's Armour Emporium.
 48724 | Elf:3    | XOM: polymorph deep elf annihilator -> sphinx
 48730 | Elf:3    | XOM: cast spell 'Shadow Creatures'
 48854 | Elf:3    | Identified the cursed +0 plate armour of Patience {-Tele
                  | rF+++ Int+7 Dex-3}
 48882 | Elf:3    | XOM: enchant monster (good)
 48884 | Elf:3    | XOM: scenery: create altars
 48890 | Elf:3    | Got an ichor-stained rapier
 48891 | Elf:3    | Identified the +2 rapier of Responsibility {flame, *Noise
                  | rF+ Dex+4} (You found it on level 3 of the Elven Halls)
 48897 | Elf:3    | Identified Cyptiy's Guide on Poisoning and Curses
 48902 | Elf:3    | Got a bloodstained dagger
 48903 | Elf:3    | Identified the +4 dagger of Kior Ruw {elec, +Blink rF-
                  | Str+4} (You found it on level 3 of the Elven Halls)
 48914 | Elf:3    | Got a twisted spear
 48915 | Elf:3    | Identified the +2 spear of Fate {flame, rF+ SInv} (You
                  | found it on level 3 of the Elven Halls)
 49064 | Elf:3    | Found the +7 lajatang of Order {silver, rMut}
 49097 | Elf:3    | Got an ichor-stained demon blade
 49098 | Elf:3    | Identified the cursed +0 demon blade of Pudauj {elec, rC-
                  | Int+6} (You found it on level 3 of the Elven Halls)
 49113 | Elf:3    | Identified the Handbook of the Mushroom
 49125 | Elf:3    | Got a steaming spear
 49138 | Elf:3    | Identified the +11 spear "Hydraslayer" {speed, +Fly Str-2
                  | Int+7 SInv} (You found it on level 3 of the Elven Halls)
 49547 | Slime:1  | Entered Level 1 of the Pits of Slime
 49571 | Slime:1  | XOM: enchant monster (bad)
 49583 | Slime:1  | XOM: summons friendly shadow imp
 49601 | Slime:1  | XOM: swap monsters
 49635 | Slime:1  | XOM: divination: detect items
 49715 | Slime:2  | XOM: polymorph acid blob -> iron dragon
 49747 | Slime:2  | XOM: blink monster(s)
 49751 | Slime:2  | XOM: summons 3 hostile shadow creatures
 49770 | Slime:2  | XOM: polymorph iron dragon -> golden dragon
 49800 | Slime:1  | XOM: mild Hex miscast
 49801 | Slime:1  | XOM: give mutations
 49801 | Slime:1  | Lost mutation: Your flesh is heat resistant. (rF+) [Xom's
                  | mischief]
 49801 | Slime:1  | Lost mutation: Your muscles are very strong. (Str +4)
                  | [Xom's mischief]
 49801 | Slime:1  | Gained mutation: You are frail. (-10% HP) [Xom's mischief]
 49881 | Slime:2  | XOM: swap monsters
 49887 | Slime:1  | XOM: harmless Hex miscast
 49889 | Slime:1  | XOM: blink monster(s)
 49900 | Slime:1  | XOM: swap monsters
 49909 | Slime:2  | XOM: noise
 49921 | Slime:1  | XOM: polymorph large slime creature -> glowing shapeshifter
 49936 | Slime:1  | XOM: harmless Tmut miscast
 49971 | Slime:1  | XOM: summons friendly ufetubus
 50020 | Slime:2  | XOM: summons 2 friendly demons
 50034 | Slime:2  | XOM: cast spell 'Summon Mana Viper'
 50094 | Slime:3  | Gained mutation: Scrolls take you a little longer to read.
                  | [a shining eye]
 50146 | Slime:4  | XOM: scenery: create altars
 50169 | Slime:4  | XOM: summons friendly iron imp
 50174 | Slime:4  | XOM: divination: magic mapping
 50179 | Slime:4  | XOM: summons 2 friendly demons
 50186 | Slime:4  | XOM: scenery: create altars
 50191 | Slime:4  | XOM: scenery: create altars
 50196 | Slime:4  | XOM: confuse monster(s)
 50283 | Slime:4  | XOM: polymorph slime creature -> alligator
 50308 | Slime:4  | XOM: summons friendly ufetubus
 50331 | Slime:5  | Entered Level 5 of the Pits of Slime
 50348 | Slime:5  | XOM: fake destruction
 50351 | Slime:5  | XOM: cleaving
 50353 | Slime:5  | XOM: polymorph acid blob -> golden dragon
 50358 | Slime:5  | XOM: scenery: create altars
 50365 | Slime:5  | XOM: polymorph great orb of eyes -> fire dragon
 50393 | Slime:5  | XOM: summons friendly crimson imp
 50396 | Slime:5  | XOM: divination: magic mapping
 50398 | Slime:5  | XOM: cast spell 'Alistair's Intoxication'
 50409 | Slime:5  | XOM: swap monsters
 50410 | Slime:5  | Noticed the Royal Jelly
 50430 | Slime:5  | Found a viscous altar of Jiyva.
 50443 | Slime:5  | XOM: confuse monster(s)
 50449 | Slime:5  | Killed the Royal Jelly
 50449 | Slime:5  | Reached skill level 22 in Short Blades
 50454 | Slime:5  | Got a distressingly furry ring mail
 50456 | Slime:5  | XOM: cast spell 'Death Channel'
 50457 | Slime:5  | Got a slimy sapphire amulet
 50461 | Slime:5  | Identified the +0 pair of boots of the Pleiades {rC+ Int+2}
                  | (You found it on level 5 of the Pits of Slime)
 50464 | Slime:5  | XOM: fog
 50467 | Slime:5  | XOM: divine lightning
 50502 | Slime:5  | Mangled by an acid blob

Levels and vault maps discovered:
D:1:      dpeg_arrival_water_temple_mockup, layout_basic, minmay_misc_feat_tower
D:2:      layout_loops_ring, regret_index_temple_of_mockery,
          uniq_crazy_yiuf_cottage
D:3:      layout_basic, grunt_temple_overflow_open,
          chequers_ecumenical_altar_island, minmay_misc_feat_nine_boxes,
          minivault_5, kennysheep_jessica_study, uniq_ijyb
D:4:      layout_basic, grunt_temple_overflow_holy_war,
          kennysheep_opposing_triangles
D:5:      layout_loops_ring, lemuel_crystal_altar, first_ration, uniq_eustachio
D:6:      layout_basic, trog_eyes_of_draining, lemuel_round_altar,
          temple_pool_b, grunt_gozag_breadcrumbs
D:7:      layout_basic, lemuel_coloured_pillars_altar, kennysheep_mini_moat,
          grunt_livestock
D:8:      layout_loops_ring, kennysheep_little_box, makhleb_heckhound_becter,
          chequers_decorated_corner, minmay_between
D:9:      layout_roguey, david_lair_shrubbed, chequers_serial_rivers_micro_e,
          uniq_erolcha
D:10:     layout_stronghold, serial_shops,
          nicolae_shop_competitors_out_of_business, minmay_holes, uniq_harold
D:11:     layout_basic, serial_shops, shop_fountains
D:12:     evilmike_library_of_no_secrets, layout_irregular_city,
          kennysheep_orc_monster_closet_entryway, enter_bailey_2,
          lemuel_altar_in_water
D:13:     layout_rooms, ximxim_vaults_locker_room, nicolae_trove_entry_diagonal,
          portal_ice_cave_entry_imps
D:14:     layout_layer_cave, nrook_mini_backslash, uniq_azrael
D:15:     grunt_enter_depths_snipers, layout_rooms, minmay_tree_intersection,
          nicolae_dithmenos_shadow_blocks
Lair:1:   beast_lair_carwin_large_1, layout_gridlike, uniq_sonja, uniq_grum
Lair:2:   layout_long_grid, minmay_snake_entry_guardpost_small
Lair:3:   layout_big_grid, chequers_serial_rivers_micro_b, grunt_megastairs_1
Lair:4:   layout_regular_city, elwin_shoals_entry_rocks, serial_bayou_lake_a
Lair:5:   layout_long_grid, slime_dummy, enter_volcano_1, grunt_megastairs_3
Lair:6:   minmay_lair_end_frog_pond, layout_cave_pods, basic_altar,
          kennysheep_rathole
Shoals:1: layout_shoals, overgrown_statue, uniq_jorgrun
Shoals:2: gammafunk_its_a_trap, layout_shoals, nicolae_shoals_loop_pool,
          uniq_polyphemus
Shoals:3: layout_shoals, serial_shops, shop
Shoals:4: shoals_end_grunt_garden, layout_shoals, argonaut_gorgonesque
Snake:1:  layout_misc_corridors, serial_shops, nicolae_shop_trees, st_stairs_6,
          guppyfry_library_mini
Snake:2:  layout_cave_pods, uniq_frances
Snake:3:  layout_cave_pods, uniq_louise
Snake:4:  johnstein_snake_rune_scales, layout_cave_pods, serial_shops,
          bzr_in_the_mist, lemuel_oklob_altar
Slime:1:  layout_caves
Slime:2:  layout_caves
Slime:3:  nicolae_slime_jelly_donut, layout_caves, nicolae_slime_phagocytosis
Slime:4:  layout_caves
Slime:5
Orc:1:    layout_caves, basic_altar
Orc:2:    pf_orc_diabolical, layout_caves, basic_altar,
          nicolae_orc_flooded_monolith
Elf:1:    eino_elf_arrival_customs, layout_rooms, minmay_elf_sorcery
Elf:2:    layout_geoelf_grid, ploomutoo_gammafunk_ghost_potion_laboratory
Elf:3:    elf_hall_gauntlet_wide, layout_geoelf_castle, serial_shops,
          nicolae_shop_overgrown_old_shop, nicolae_shop_trees, basic_altar,
          uniq_donald
Vaults:1: nicolae_vaults_stairing_the_circle, nicolae_vaults_little_squares_6,
          hangedman_vaults_nodes, nicolae_vaults_mini_display_case,
          nicolae_vaults_little_squares_5, vaults_standard_mumra_x,
          v_alt_pattern_3, ontoclasm_vaults_loading_screen,
          nicolae_vaults_three_branches, layout_vaults_omnigrid, serial_shops,
          shop_fountains
Vaults:2: hangedman_vaults_stream, nicolae_vaults_big_ls,
          grunt_vaults_hallway_long, hangedman_vaults_pinch,
          grunt_vaults_hallway_short, v_misc_3, vaults_mumra_hex,
          nicolae_vaults_network_square, vaults_room_pool,
          nicolae_vaults_circle_grid_b, layout_vaults_maze_snakey, serial_shops,
          shop
Vaults:3: ontoclasm_vaults_spin, hangedman_vaults_slither,
          vaults_room_glass_cross, minmay_crypt_entry_necro_gods,
          nicolae_vaults_rhombus_7, nicolae_vaults_little_ls, vaults_room_pool,
          grunt_vaults_funnel, layout_vaults_chaotic_city, serial_shops,
          shop_statue
Vaults:4: hangedman_vaults_snaps, ontoclasm_vaults_hangar,
          hangedman_vaults_slice, nicolae_vaults_what_the_h,
          nicolae_vaults_circle_grid_a, nicolae_vaults_bisected_slash,
          nicolae_vaults_puzzle_piece, v_misc_17, vaults_mumra_lcd,
          v_alt_pattern_1, hangedman_vaults_nails, v_misc_24, v_rooms_4,
          ontoclasm_vaults_twist, layout_vaults_omnibox, serial_shops, shop,
          shop, shop, uniq_xtahua
Vaults:5: serial_shops, uniq_saint_roka, uniq_boris, uniq_sojobo
Depths:1: layout_cave_pools, serial_sigils_hangedman_snap, hell_entry,
          kennysheep_generic_room_2
Depths:2: cheibrodos_birdhouse, layout_twisted_cross,
          kennysheep_cross_bottleneck, hangedman_coc_ice_floe,
          gammafunk_ghost_ooze, uniq_asterion, uniq_enchantress
Depths:3: hangedman_cross_cluster, layout_gridlike, rand_demon_pan_entry_7,
          nicolae_water_bricks, hell_entry, serial_shops,
          nicolae_shop_temple_entry_statues_fountains, uniq_aizul, uniq_mennas
Depths:4: minmay_expanding_circles, layout_basic, grunt_mini_vestibule,
          minmay_misc_feat_enclosed, abyss_entry, nrook_loot_triangle,
          serial_bayou_shore_a, infiniplex_staircase_hallway_doors

Skill      XL: |  1  2  3  4  5  6  7  8  9 10 11 12 13 14 15 16 17 18 19 20 21 22 23 24 25 |
---------------+----------------------------------------------------------------------------+-----
Dodging        | 2 |  2.0
Stealth        | 2 |  2.0
Fighting       | 2 4 5 6 7 8 9 10 12 13 14 15 16 17 18 19 21 | 21.3
Short Blades   | 1 2 3 4 5 6 8 10 11 12 14 15 17 19 20 21 22 | 22.0
Conjurations   | 2 3 4 5 7 |  7.0
Poison Magic   | 4 5 7 8 9 |  9.0
Unarmed Combat | 1 |  1.0
Spellcasting   | 3 4 5 6 7 8 |  8.0
Armour         | 1 3 5 6 7 9 11 12 14 15 16 17 18 | 18.1
Evocations     | 1 |  1.0
Shields        | 2 5 7 10 11 12 13 15 | 15.0
Hexes          | 3 4 |  4.0
Charms         | 2 3 |  3.0
Necromancy     | 1 3 5 |  5.0

Action                   |  1- 3 |  4- 6 |  7- 9 | 10-12 | 13-15 | 16-18 | 19-21 | 22-24 | 25-27 || total
-------------------------+-------+-------+-------+-------+-------+-------+-------+-------+-------++-------
Melee: Unarmed           |     3 |       |       |       |       |       |       |       |       ||     3
       Short sword       |    29 |   149 |    48 |       |       |       |       |       |       ||   226
       Rapier            |       |       |   104 |   287 |  1078 |    58 |     3 |       |       ||  1530
       Staff             |       |       |    20 |    52 |    42 |       |       |       |       ||   114
       Headbutt          |       |       |     7 |    73 |   267 |   501 |   112 |       |       ||   960
       Kick              |       |       |       |    44 |   444 |   757 |   411 |       |       ||  1656
       Punch             |       |       |       |     1 |     6 |     9 |       |       |       ||    16
       Quick blade       |       |       |       |       |       |  1702 |  1829 |  3439 |  1453 ||  8423
Throw: Stone             |       |     1 |    25 |       |       |       |       |       |       ||    26
       Dart              |       |       |       |       |     2 |       |       |     2 |       ||     4
       Boomerang         |       |       |       |       |     8 |       |       |       |       ||     8
 Cast: Sting             |    45 |    43 |   162 |   284 |   171 |    76 |    26 |       |       ||   807
       Poisonous Vapours |     2 |     9 |    21 |    63 |    13 |       |     1 |       |       ||   109
       Mephitic Cloud    |     1 |       |    13 |    25 |    22 |       |       |       |       ||    61
       Slow              |       |       |     2 |     1 |       |       |       |       |       ||     3
       Spectral Weapon   |       |       |       |     8 |    35 |       |       |       |       ||    43
       Regeneration      |       |       |       |     9 |    53 |       |       |       |       ||    62
       Olgreb's Toxic Ra |       |       |       |     1 |    11 |       |       |       |       ||    12
       Conjure Flame     |       |       |       |       |     8 |       |       |       |       ||     8
       Ignite Poison     |       |       |       |       |     6 |       |       |       |       ||     6
       Song of Slaying   |       |       |       |       |     3 |       |       |       |       ||     3
 Abil: Blink             |       |       |       |       |     2 |       |       |       |       ||     2
       Evoke Flight      |       |       |       |       |       |    19 |     5 |       |       ||    24
       Stop Flying       |       |       |       |       |       |     3 |       |       |       ||     3
Evoke: Wand              |       |       |       |       |       |       |       |     4 |       ||     4
  Use: Scroll            |       |       |     2 |    18 |    18 |    14 |     6 |    12 |     9 ||    79
       Potion            |       |       |     1 |       |     8 |       |     2 |     1 |     9 ||    21
 Stab: Confused          |       |       |     1 |     1 |     7 |    19 |    20 |    14 |    12 ||    74
       Betrayed ally     |       |       |     1 |       |       |     1 |       |       |       ||     2
       Paralysed         |       |       |     2 |     1 |       |       |       |     1 |     1 ||     5
       Distracted        |       |       |       |     1 |     4 |     1 |     2 |       |     1 ||     9
       Sleeping          |       |       |       |     1 |       |       |       |       |       ||     1
       Petrified         |       |       |       |       |       |       |     1 |     1 |       ||     2
       Invisible         |       |       |       |       |       |       |    14 |    12 |       ||    26
       Petrifying        |       |       |       |       |       |       |       |     2 |     3 ||     5
  Eat: Chunk             |     2 |    11 |    13 |    44 |    48 |    19 |    19 |    31 |     9 ||   196
       Ration            |       |       |       |       |       |       |     1 |       |     1 ||     2
Armor: Robe              |     5 |    44 |    18 |       |       |       |       |       |       ||    67
       Leather armour    |       |       |    93 |   135 |    12 |       |       |       |       ||   240
       Skin              |       |       |     7 |       |    13 |       |       |       |       ||    20
       Scale mail        |       |       |       |       |   390 |       |       |       |       ||   390
       Plate armour      |       |       |       |       |   214 |   628 |   426 |    89 |       ||  1357
       Crystal plate arm |       |       |       |       |       |       |       |  1036 |   473 ||  1509
Dodge: Dodged            |    19 |    85 |   153 |   264 |   493 |   549 |   198 |   291 |   141 ||  2193
       Deflected         |       |       |       |     2 |       |   166 |    16 |       |       ||   184
Block: Shield            |       |       |       |       |       |       |   564 |  1590 |   701 ||  2855
       Reflection        |       |       |       |       |       |       |    34 |    79 |    39 ||   152
